Workbook
Name __xlnm.Print_Area_5: #REF!
Name __xlnm.Print_Titles_4: ([1]Cronograma!$A$1:$D$65536,[1]Cronograma!$A$1:$IV$8)
Name _Toc287531426_1: "NA()"
Name _Toc287531426_1_2: "NA()"
Name _Toc287531426_1_6: "NA()"
Name _Toc287531426_1_7: "NA()"
Name _Toc287531447_1: "NA()"
Name _Toc287531447_1_2: "NA()"
Name _Toc287531447_1_6: "NA()"
Name _Toc287531447_1_7: "NA()"
Name _Toc287531464_1: "NA()"
Name _Toc287531464_1_2: "NA()"
Name _Toc287531464_1_6: "NA()"
Name _Toc287531464_1_7: "NA()"
Name _Toc287531470_1: "NA()"
Name _Toc287531470_1_2: "NA()"
Name _Toc287531470_1_6: "NA()"
Name _Toc287531470_1_7: "NA()"
Name _Toc288033933_1: "NA()"
Name _Toc288033933_1_2: "NA()"
Name _Toc288033933_1_6: "NA()"
Name _Toc288033933_1_7: "NA()"
Name _Toc288033954_1: "NA()"
Name _Toc288033954_1_2: "NA()"
Name _Toc288033954_1_6: "NA()"
Name _Toc288033954_1_7: "NA()"
Name _Toc288656798_1: "NA()"
Name _Toc288656798_1_2: "NA()"
Name _Toc288656798_1_6: "NA()"
Name _Toc288656798_1_7: "NA()"
Name _Toc288656810_1: "NA()"
Name _Toc288656810_1_2: "NA()"
Name _Toc288656810_1_6: "NA()"
Name _Toc288656810_1_7: "NA()"
Name _Toc292799944_1: "NA()"
Name _Toc292799944_1_2: "NA()"
Name _Toc292799944_1_6: "NA()"
Name _Toc292799944_1_7: "NA()"
Name _Toc292799947_1: "NA()"
Name _Toc292799947_1_2: "NA()"
Name _Toc292799947_1_6: "NA()"
Name _Toc292799947_1_7: "NA()"
Name _Toc292799948_1: "NA()"
Name _Toc292799948_1_2: "NA()"
Name _Toc292799948_1_6: "NA()"
Name _Toc292799948_1_7: "NA()"
Name _Toc292799949_1: "NA()"
Name _Toc292799949_1_2: "NA()"
Name _Toc292799949_1_6: "NA()"
Name _Toc292799949_1_7: "NA()"
Name _Toc292799950_1: "NA()"
Name _Toc292799950_1_2: "NA()"
Name _Toc292799950_1_6: "NA()"
Name _Toc292799950_1_7: "NA()"
Name _Toc292799951_1: "NA()"
Name _Toc292799951_1_2: "NA()"
Name _Toc292799951_1_6: "NA()"
Name _Toc292799951_1_7: "NA()"
Name _Toc292799952_1: "NA()"
Name _Toc292799952_1_2: "NA()"

Sheet PLANILHA ORÇAMENTÁRIA LAJE
B2: PLANILHA ORÇAMENTÁRIA
B4: PREFEITURA MUNICIPAL DE BARRA LONGA
B5: OBRA: CONSTRUÇÃO CAMPO E VESTIÁRIO | G5: DATA: 30/10/2023
B6: LOCAL: BARRA LONGA - BARRA LONGA/MG | F6: FORMA DE EXECUÇÃO: Contratação à Preço Global
B7: REGIÃO/MÊS DE REFERÊNCIA: Tabela de Preços SETOP-Leste/ABRIL 2022 / SINAPI JUNHO 2022 | F7: ( ) DIRETA | H7: ( x ) INDIRETA
B8: PRAZO DE EXECUÇÃO: 60 dias | H8: BDI | I8: 0.2522
B9: ITEM | C9: CODIGO | D9: DESCRIÇÃO | E9: UNID | F9: QUANT | G9: CUSTO | H9: CUSTO + BDI | I9: TOTAL
B10: A | D10: INSTALAÇÃO DA OBRA
B11: 1.0 | C11: ED-16660 | D11: PLACA DE OBRA ED-16660 FORNECIMENTO E COLOCAÇÃO DE PLACA DE OBRA EM CHAPA GALVANIZADA #26, ESP. 0,45 MM, PLOTADA COM ADESIVO VINÍLICO, AFIXADA COM REBITES 4,8X40 MM, EM ESTRUTURA METÁLICA DE METALON 20X20 MM, ESP. 1,25 MM, INCLUSIVE SUPORTE EM EUCALIPTO AUTOCLAVADO PINTADO COM TINTA PVA DUAS (2) DEMÃOS | E11: M2 | F11: =2.5 -> 2.5 | G11: 317.71 | H11: =G11+G11*$I$8 -> 397.83646 | I11: =H11*F11 -> 994.59115
D12: TOTAL ITEM A | I12: =SUM(I11:I11) -> 994.59115
B13: B | D13: FUNDAÇÃO
B14: 1.0 | C14: ED-51107 | D14: ESCAVAÇÃO MANUAL DE VALA COM PROFUNDIDADE MENOR OU IGUAL A 1,5M, INCLUSIVE DESCARGA LATERAL | E14: M3 | F14: =#REF! -> #REF! | G14: 60.61 | H14: =G14+G14*$I$8 -> 75.895842 | I14: =H14*F14 -> #REF!
B15: 2.0 | C15: ED-51122 | D15: REGULARIZAÇÃO E COMPACTAÇÃO DE TERRENO MANUAL COM SOQUETE, EXCLUSIVE DESMATAMENTO, DESTOCAMENTO, LIMPEZA/ROÇADA DO TERRENO | E15: M2 | F15: =#REF! -> #REF! | G15: 8.72 | H15: =G15+G15*$I$8 -> 10.919184 | I15: =H15*F15 -> #REF!
B16: 3.0 | C16: ED-48295 | D16: CORTE, DOBRA E MONTAGEM DE AÇO CA-50, DIÂMETRO (6,3MM A 12,5MM), INCLUSIVE ESPAÇADOR | E16: KG | F16: =#REF! -> #REF! | G16: 13.07 | H16: =G16+G16*$I$8 -> 16.366254 | I16: =H16*F16 -> #REF!
B17: 4.0 | C17: ED-49786 | D17: FORNECIMENTO DE CONCRETO ESTRUTURAL, PREPARADO EM OBRA COM BETONEIRA, COM FCK 20MPA, INCLUSIVE LANÇAMENTO, ADENSAMENTO E ACABAMENTO (FUNDAÇÃO) | E17: M3 | F17: =#REF! -> #REF! | G17: 670.65 | H17: =G17+G17*$I$8 -> 839.78793 | I17: =H17*F17 -> #REF!
B18: 5.0 | C18: ED-51132 | D18: CARGA MECÂNICA DE MATERIAL DE QUALQUER NATUREZA SOBRE CAMINHÃO, EXCLUSIVE TRANSPORTE | E18: M3 | G18: 3.01 | H18: =G18+G18*$I$8 -> 3.769122 | I18: =H18*F18 -> 0
B19: 6.0 | C19: ED-29229 | D19: TRANSPORTE DE MATERIAL DE QUALQUER NATUREZA EM CAMINHÃO, DISTÂNCIA MENOR OU IGUAL A 1KM, DENTRO DO PERÍMETRO URBANO, EXCLUSIVE CARGA, INCLUSIVE DESCARGA | E19: M3 | G19: 6.36 | H19: =G19+G19*$I$8 -> 7.963992 | I19: =H19*F19 -> 0
D20: TOTAL ITEM B | I20: =SUM(I14:I19) -> #REF!
B21: C | D21: ESTRUTURA
B22: 1.0 | C22: 92479 | D22: MONTAGEM E DESMONTAGEM DE FÔRMA DE VIGA/PILAR, ESCORAMENTO COM GARFO DE MADEIRA, PÉ-DIREITO SIMPLES, EM CHAPA DE MADEIRA RESINADA, 18 UTILIZAÇÕES. | E22: M2 | F22: =#REF! -> #REF! | G22: 66.59 | H22: =G22+G22*$I$8 -> 83.383998 | I22: =H22*F22 -> #REF!
B23: 2.0 | C23: ED-48295 | D23: CORTE, DOBRA E MONTAGEM DE AÇO CA-50, DIÂMETRO (6,3MM A 12,5MM), INCLUSIVE ESPAÇADOR | E23: KG | F23: =#REF! -> #REF! | G23: 13.07 | H23: =G23+G23*$I$8 -> 16.366254 | I23: =H23*F23 -> #REF!
B24: 3.0 | C24: ED-49786 | D24: FORNECIMENTO DE CONCRETO ESTRUTURAL, PREPARADO EM OBRA COM BETONEIRA, COM FCK 20MPA, INCLUSIVE LANÇAMENTO, ADENSAMENTO E ACABAMENTO (FUNDAÇÃO) | E24: M3 | F24: =#REF! -> #REF! | G24: 670.65 | H24: =G24+G24*$I$8 -> 839.78793 | I24: =H24*F24 -> #REF!
B25: 4.0 | C25: 92530 | D25: MONTAGEM E DESMONTAGEM DE FÔRMA DE LAJE MACIÇA, PÉ-DIREITO SIMPLES, EM CHAPA DE MADEIRA COMPENSADA PLASTIFICADA, 12 UTILIZAÇÕES. | E25: M2 | F25: =#REF! -> #REF! | G25: 41.42 | H25: =G25+G25*$I$8 -> 51.866124 | I25: =H25*F25 -> #REF!
B26: 5.0 | C26: 101792 | D26: ESCORAMENTO DE FÔRMAS DE LAJE EM MADEIRA NÃO APARELHADA, PÉ-DIREITO SIMPLES, INCLUSO TRAVAMENTO, 4 UTILIZAÇÕES. AF_09/2020 | E26: M3 | F26: =F25*3 -> #REF! | G26: 17.74 | H26: =G26+G26*$I$8 -> 22.214028 | I26: =H26*F26 -> #REF!
B27: 6.0 | C27: ED-48232 | D27: ALVENARIA DE VEDAÇÃO COM TIJOLO CERÂMICO FURADO, ESP. 14CM, PARA REVESTIMENTO, INCLUSIVE ARGAMASSA PARA ASSENTAMENTO. | E27: M2 | F27: =#REF! -> #REF! | G27: 65.56 | H27: =G27+G27*$I$8 -> 82.094232 | I27: =H27*F27 -> #REF!
D28: TOTAL ITEM C | I28: =SUM(I22:I27) -> #REF!
B29: D | D29: INSTALAÇÕES HIDRÁULICAS
D30: ESGOTO
B31: 1.0 | C31: ED-50224 | D31: PONTO DE EMBUTIR PARA ESGOTO EM TUBO PVC RÍGIDO, PBV - SÉRIE NORMAL, DN 50MM (2"), EMBUTIDO EM PISO COM DISTÂNCIA DE ATÉ CINCO (5) METROS DA RAMAL DE ESGOTO, EXCLUSIVE ESCAVAÇÃO, INCLUSIVE CONEXÕES E FIXAÇÃO DO TUBO COM ENCHIMENTO DO RASGO NO CONCRETO COM ARGAMASSA | E31: UNID | F31: 12 | G31: 200.7 | H31: =G31+G31*$I$8 -> 251.31654 | I31: =H31*F31 -> 3015.7985
B32: 2.0 | C32: ED-50225 | D32: PONTO DE EMBUTIR PARA ESGOTO EM TUBO PVC RÍGIDO, PBV - SÉRIE NORMAL, DN 100MM (4"), EMBUTIDO EM PISO COM DISTÂNCIA DE ATÉ CINCO (5) METROS DA RAMAL DE ESGOTO, INCLUSIVE CONEXÕES E FIXAÇÃO DO TUBO COM ENCHIMENTO DO RASGO NO CONCRETO COM ARGAMASSA. | E32: UNID | F32: 5 | G32: 283.95 | H32: =G32+G32*$I$8 -> 355.56219 | I32: =H32*F32 -> 1777.811
B33: 3.0 | C33: ED-50298 | D33: BACIA SANITÁRIA (VASO) DE LOUÇA CONVENCIONAL, COR BRANCA, INCLUSIVE ACESSÓRIOS DE FIXAÇÃO/VEDAÇÃO, VÁLVULA DE DESCARGA METÁLICA COM ACIONAMENTO DUPLO, TUBO DE LIGAÇÃO DE LATÃO COM CANOPLA, FORNECIMENTO, INSTALAÇÃO E REJUNTAMENTO. | E33: UNID | F33: 5 | G33: 726.1 | H33: =G33+G33*$I$8 -> 909.22242 | I33: =H33*F33 -> 4546.1121
B34: 4.0 | C34: ED-50011 | D34: CAIXA SIFONADA EM PVC COM GRELHA REDONDA 100 X 100 X 50MM | E34: UNID | F34: 9 | G34: 54.8 | H34: =G34+G34*$I$8 -> 68.62056 | I34: =H34*F34 -> 617.58504
D35: ÁGUA FRIA
B36: 5.0 | C36: ED-50221 | D36: PONTO DE EMBUTIR PARA ÁGUA FRIA EM TUBO DE PVC RÍGIDO SOLDÁVEL, DN 20MM (1/2"), EMBUTIDO NA ALVENARIA COM DISTÂNCIA DE ATÉ CINCO (5) METROS DA TOMADA DE ÁGUA, INCLUSIVE CONEXÕES E FIXAÇÃO DO TUBO COM ENCHIMENTO DO RASGO NA ALVENARIA/CONCRETO COM ARGAMASSA. | E36: UNID | F36: 17 | G36: 124.3 | H36: =G36+G36*$I$8 -> 155.64846 | I36: =H36*F36 -> 2646.0238
B37: 6.0 | C37: ED-50281 | D37: LAVATÓRIO DE LOUÇA BRANCA SEM COLUNA, TAMANHO PEQUENO, INCLUSIVE ACESSÓRIOS DE FIXAÇÃO, VÁLVULA DE ESCOAMENTO DE METAL COM ACABAMENTO CROMADO, SIFÃO DE METAL TIPO COPO COM ACABAMENTO CROMADO, FORNECIMENTO, INSTALAÇÃO E REJUNTAMENTO, EXCLUSIVE TORNEIRA E ENGATE FLEXÍVEL. | E37: UNID | F37: 5 | G37: 364.8 | H37: =G37+G37*$I$8 -> 456.80256 | I37: =H37*F37 -> 2284.0128
B38: 7.0 | C38: ED-50330 | D38: TORNEIRA METÁLICA PARA LAVATÓRIO, ABERTURA 1/4 DE VOLTA, ACABAMENTO CROMADO, COM AREJADOR, APLICAÇÃO DE MESA, INCLUSIVE ENGATE FLEXÍVEL METÁLICO, FORNECIMENTO E INSTALAÇÃO. | E38: UNID | F38: 5 | G38: 129.33 | H38: =G38+G38*$I$8 -> 161.94703 | I38: =H38*F38 -> 809.73513
B39: 8.0 | C39: ED-50310 | D39: BRAÇO PARA CHUVEIRO, COMPRIMENTO 40 CM, DIÂMETRO NOMINAL DE 1/2" (20MM), INCLUSIVE ACABAMENTO. | E39: UNID | F39: 7 | G39: 20.25 | H39: =G39+G39*$I$8 -> 25.35705 | I39: =H39*F39 -> 177.49935
B40: 9.0 | C40: ED-16344 | D40: CHUVEIRO ELÉTRICO BRANCO, TENSÃO 127V/220V, POTÊNCIA 4600W/5500W, INCLUSIVE BRAÇO, FORNECIMENTO E INSTALAÇÃO. | E40: UNID | F40: 7 | G40: 107.25 | H40: =G40+G40*$I$8 -> 134.29845 | I40: =H40*F40 -> 940.08915
B41: 10.0 | C41: ED-49936 | D41: CAIXA D´ÁGUA DE POLIETILENO, CAPACIDADE DE 1.000L, INCLUSIVE TAMPA, TORNEIRA DE BOIA, EXTRAVASOR, TUBO DE LIMPEZA E ACESSÓRIOS, EXCLUSIVE TUBULAÇÃO DE ENTRADA/ SAÍDA DE ÁGUA. | E41: UNID | F41: 1 | G41: 859.18 | H41: =G41+G41*$I$8 -> 1075.8652 | I41: =H41*F41 -> 1075.8652
D42: TOTAL ITEM D | I42: =SUM(I31:I41) -> 17890.532
B43: E | D43: INSTALAÇÕES ELÉTRICAS
B44: 1.0 | C44: ED-50228 | D44: PONTO DE EMBUTIR PARA UMA (1) LUMINÁRIA,COM ELETRODUTO DE PVC RÍGIDO ROSCÁVEL, DN 20MM (3/4"), EMBUTIDO NA LAJE E CABO DE COBRE FLEXÍVEL, CLASSE 5, ISOLAMENTO TIPO LSHF/ ATOX, NÃO HALOGENADO, SEÇÃO 1,5MM2 (70°C-450/750V), COM DISTÂNCIA DE ATÉ CINCO (5) METROS DO PONTO DE DERIVAÇÃO, EXCLUSIVE LUMINÁRIA, INCLUSIVE CAIXA DE LIGAÇÃO OCTOGONAL, SUPORTE E FIXAÇÃO DO ELETRODUTO. | E44: UNID | F44: =F45+F46 -> 9 | G44: 143.25 | H44: =G44+G44*$I$8 -> 179.37765 | I44: =H44*F44 -> 1614.3988
B45: 2.0 | C45: 97589 | D45: LUMINÁRIA TIPO PLAFON EM PLÁSTICO, DE SOBREPOR, COM 1 LÂMPADA FLUORESCENTE DE 15 W, SEM REATOR - FORNECIMENTO E INSTALAÇÃO. AF_02/2020 | E45: UNID | F45: 5 | G45: 36.5 | H45: =G45+G45*$I$8 -> 45.7053 | I45: =H45*F45 -> 228.5265
B46: 3.0 | C46: 97608 | D46: LUMINÁRIA ARANDELA TIPO TARTARUGA, COM GRADE, DE SOBREPOR, COM 1 LÂMPADA FLUORESCENTE DE 15 W, SEM REATOR - FORNECIMENTO E INSTALAÇÃO. AF_02/2020 | E46: UNID | F46: 4 | G46: 115.19 | H46: =G46+G46*$I$8 -> 144.24092 | I46: =H46*F46 -> 576.96367
B47: 4.0 | C47: 104475 | D47: COMPOSIÇÃO PARAMÉTRICA DE PONTO ELÉTRICO DE TOMADA DE USO GERAL 2P+T (10A/250V) EM EDIFÍCIO RESIDENCIAL COM ELETRODUTO EMBUTIDO EM RASGOS NAS PAREDES, INCLUSO TOMADA, ELETRODUTO, CABO, RASGO, QUEBRA E CHUMBAMENTO. AF_11/2022 | E47: UNID | F47: 5 | G47: 124.93 | H47: =G47+G47*$I$8 -> 156.43735 | I47: =H47*F47 -> 782.18673
D48: TOTAL ITEM E | I48: =SUM(I44:I47) -> 3202.0758
B49: F | D49: CONTRAPISO E REVESTIMENTOS
B50: 1.0 | C50: ED-50566 | D50: CONTRAPISO DESEMPENADO COM ARGAMASSA, TRAÇO 1:3 (CIMENTO E AREIA), ESP. 20MM | E50: M² | F50: =#REF! -> #REF! | G50: 33.13 | H50: =G50+G50*$I$8 -> 41.485386 | I50: =H50*F50 -> #REF!
B51: 2.0 | C51: ED-51144 | D51: PASSEIOS DE CONCRETO E = 6 CM, FCK = 10 MPA, JUNTA SECA | E51: M² | F51: =#REF! -> #REF! | G51: 57.2 | H51: =G51+G51*$I$8 -> 71.62584 | I51: =H51*F51 -> #REF!
B52: 3.0 | C52: 87893 | D52: CHAPISCO APLICADO EM ALVENARIA (SEM PRESENÇA DE VÃOS) E ESTRUTURAS DE CONCRETO DE FACHADA, COM COLHER DE PEDREIRO. ARGAMASSA TRAÇO 1:3 COM PREPARO MANUAL. AF_06/2014 | E52: M² | F52: =#REF!+#REF!+#REF! -> #REF! | G52: 6.49 | H52: =G52+G52*$I$8 -> 8.126778 | I52: =H52*F52 -> #REF!
B53: 4.0 | C53: 87792 | D53: EMBOÇO OU MASSA ÚNICA EM ARGAMASSA TRAÇO 1:2:8, PREPARO MECÂNICO COM BETONEIRA 400 L, APLICADA MANUALMENTE EM PANOS CEGOS DE FACHADA (SEM PRESENÇA DE VÃOS), ESPESSURA DE 25 MM. AF_08/2022 | E53: M² | F53: =F52 -> #REF! | G53: 36.73 | H53: =G53+G53*$I$8 -> 45.993306 | I53: =H53*F53 -> #REF!
B54: 4.0 | C54: ED-9081 | D54: REVESTIMENTO COM CERÂMICA APLICADO EM PAREDE, ACABAMENTO ESMALTADO, AMBIENTE INTERNO/EXTERNO, PADRÃO EXTRA, DIMENSÃO DA PEÇA ATÉ 2025 CM2, PEI III, ASSENTAMENTO COM ARGAMASSA INDUSTRIALIZADA, INCLUSIVE REJUNTAMENTO. | E54: M² | F54: =#REF! -> #REF! | G54: 70.33 | H54: =G54+G54*$I$8 -> 88.067226 | I54: =H54*F54 -> #REF!
D55: TOTAL ITEM F | I55: =SUM(I50:I54) -> #REF!
B56: G | D56: PINTURA
B57: 1.0 | C57: ED-50451 | D57: PINTURA ACRÍLICA EM PAREDE, DUAS (2) DEMÃOS, INCLUSIVE SELADOR ACRÍLICO. | E57: M² | F57: =#REF!+#REF! -> #REF! | G57: 18.49 | H57: =G57+G57*$I$8 -> 23.153178 | I57: =H57*F57 -> #REF!
B58: 2.0 | C58: ED-50491 | D58: PINTURA ESMALTE EM ESQUADRIAS DE FERRO, DUAS (2) DEMÃOS, INCLUSIVE UMA (1) DEMÃO DE FUNDO ANTICORROSIVO. | E58: M² | F58: =F61+(0.9*2.1*3*2)+(0.6*2.1*4*2) -> 27.18 | G58: 32.53 | H58: =G58+G58*$I$8 -> 40.734066 | I58: =H58*F58 -> 1107.1519
D59: TOTAL ITEM G | I59: =SUM(I57:I58) -> #REF!
B60: H | D60: ESQUADRIAS
B61: 1.0 | C61: ED-50956 | D61: FORNECIMENTO E ASSENTAMENTO DE JANELA EM FERRO, TIPO MAXIM-AR, INCLUSIVE FERRAGENS E ACESSÓRIOS | E61: M² | F61: =(3.35*0.8*2)+(0.8*0.5) -> 5.76 | G61: 380.27 | H61: =G61+G61*$I$8 -> 476.17409 | I61: =H61*F61 -> 2742.7628
B62: 2.0 | C62: ED-50971 | D62: PORTA COMPLETA, ESTRUTURA E MARCO EM CHAPA DOBRADA - 60 X 210 CM | E62: UN | F62: 4 | G62: 471.97 | H62: =G62+G62*$I$8 -> 591.00083 | I62: =H62*F62 -> 2364.0033 | M62: =0.9-0.6 -> 0.3
B63: 3.0 | C63: ED-50975 | D63: PORTA COMPLETA, ESTRUTURA E MARCO EM CHAPA DOBRADA - 90 X 210 CM | E63: M² | F63: 3 | G63: 586.48 | H63: =G63+G63*$I$8 -> 734.39026 | I63: =H63*F63 -> 2203.1708 | L63: =2.3-0.15 -> 2.15
B64: 4.0 | C64: ED-51153 | D64: VIDRO IMPRESSO (FANTASIA) TRANSLÚCIDO INCOLOR, ESP. 3MM, INCLUSIVE FIXAÇÃO E VEDAÇÃO COM GUARNIÇÃO/GAXETA DE BORRACHA NEOPRENE, FORNECIMENTO E INSTALAÇÃO, EXCLUSIVE CAIXILHO/PERFIL | E64: M² | G64: 150.06 | H64: =G64+G64*$I$8 -> 187.90513 | I64: =H64*F64 -> 0
B65: 4.0 | C65: ED-48535 | D65: DIVISÓRIA EM ARDÓSIA E = 3 CM, INCLUSIVE PERFIS EM CHAPA 18 | E65: M² | F65: =(((2.15*2*1.8)+(0.9*1.8*3))*2)+(0.3*1.8*4) -> 27.36 | G65: 229.57 | H65: =G65+G65*$I$8 -> 287.46755 | I65: =H65*F65 -> 7865.1123
D66: TOTAL ITEM H | I66: =SUM(I61:I65) -> 15175.049
B67: I | D67: CAMPO
B68: 1.0 | C68: ED-50920 | D68: ALAMBRADO PARA QUADRA ESPORTIVA, EM TELA DE ARAME GALVANIZADO COM TRAMA LOSANGULAR DE 2" (50,8MM) E FIO BWG12 (2,77MM), ALTURA 4M, INCLUSIVE FUNDAÇÃO, PINTURA, FIXAÇÃO E FORNECIMENTO EM QUADROS DE TUBOS DE AÇO CARBONO GALVANIZADO DIÂMETRO DE 50MM (2") - CONFORME DETALHE 15 (PADRÃO ESCOLAR). | E68: M | G68: 710.24 | H68: =G68+G68*$I$8 -> 889.36253 | I68: =H68*F68 -> 0
B69: 2.0 | C69: ED-50922 | D69: ALAMBRADO PARA QUADRA ESPORTIVA, EM TELA DE ARAME GALVANIZADO COM TRAMA LOSANGULAR DE 2" (50,8MM) E FIO BWG12 (2,77MM), ALTURA 6M, INCLUSIVE FUNDAÇÃO, PINTURA, INCLUSIVE FIXAÇÃO E FORNECIMENTO EM QUADROS DE TUBOS DE AÇO CARBONO GALVANIZADO DIÂMETRO DE 50MM (2"). | E69: M | F69: =((30+50)*2)-3 -> 157 | G69: 977.3 | H69: =G69+G69*$I$8 -> 1223.7751 | I69: =H69*F69 -> 192132.68 | M69: =0.9-0.6 -> 0.3
B70: 3.0 | C70: ED-50983 | D70: PORTÃO DE GRADE COLOCADO COM CADEADO. | E70: M2 | F70: =3*6 -> 18 | G70: =(4*2.3)+(3*2.3*2) -> 23 | H70: =G70+G70*$I$8 -> 28.8006 | I70: =H70*F70 -> 518.4108 | L70: =2.3-0.15 -> 2.15
B71: 4.0 | H71: =G71+G71*$I$8 -> 0 | I71: =H71*F71 -> 0
B72: 4.0 | C72: ED-49570 | D72: TRAVE DE GOL PARA CAMPO DE FUTEBOL , INCLUSIVE REDE E PINTURA | E72: UN | F72: 2 | G72: 3263.01 | H72: =G72+G72*$I$8 -> 4085.9411 | I72: =H72*F72 -> 8171.8822 | P72: MURO | Q72: 300000 | S72: =(30*7)+(20*3) -> 270 | U72: =Q72/S72 -> 1111.1111
B73: 4.0 | C73: 98520 | D73: APLICAÇÃO DE ADUBO EM SOLO. AF_05/2018 | E73: M2 | F73: =30*50 -> 1500 | G73: 6.39 | H73: =G73+G73*$I$8 -> 8.001558 | I73: =H73*F73 -> 12002.337 | Q73: =(16*4)/2 -> 32 | S73: =Q73*U72 -> 35555.556
B74: 4.0 | C74: ED-9837 | D74: APLICAÇÃO E REGULARIZAÇÃO DE COLCHÃO DE AREIA | E74: M3 | F74: =30*50*0.03 -> 45 | G74: 177.58 | H74: =G74+G74*$I$8 -> 222.36568 | I74: =H74*F74 -> 10006.455 | K74: =I73+I74+I75 -> 47553.672
B75: 4.0 | C75: 98504 | D75: PLANTIO DE GRAMA BATATAIS EM PLACAS. AF_05/2018 | E75: M2 | F75: =30*50 -> 1500 | G75: 13.6 | H75: =G75+G75*$I$8 -> 17.02992 | I75: =H75*F75 -> 25544.88
B76: 4.0 | C76: ED-50437 | D76: TELA | F76: 1500 | G76: 29.23 | H76: =G76+G76*$I$8 -> 36.601806 | K76: =H76*F76 -> 54902.709
D77: MOVIMENTO DE TERRA PARA RAMPA | H77: =G77+G77*$I$8 -> 0 | I77: =H77*F77 -> 0 | K77: =H77*F77 -> 0 | N77: =465-461 -> 4 | R77: conciderei uma rampa de 16 metros
C78: ED-51105 | D78: ESCAVAÇÃO MECÂNICA EM MATERIAL DE 1ª CATEGORIA, INCLUSIVE CARGA EM CAMINHÃO, EXCLUSIVE TRANSPORTE E DESCARGA | E78: M³ | F78: =(4*16*4)/2 -> 128 | G78: 7.32 | H78: =G78+G78*$I$8 -> 9.166104 | I78: =H78*F78 -> 1173.2613 | K78: =H78*F78 -> 1173.2613 | N78: 4 METROS DE ALTURA | R78: e 4 metros de largura
C79: RO-40202 | D79: CARGA, TRANSPORTE E DESCARGA DE MATERIAL DE 1ª CATEGORIA, COM CAMINHÃO. DISTÂNCIA MÉDIA DE TRANSPORTE DE 801 A 1.000 M | E79: M³ | F79: 128 | G79: 6.46 | H79: =G79+G79*$I$8 -> 8.089212 | I79: =H79*F79 -> 1035.4191 | K79: =H79*F79 -> 1035.4191 | N79: PARA INCLINAÇÃO 8,33% | Q79: 0.125 | S79: 0.33
C80: ED-51098 | D80: COMPACTAÇÃO MECÂNICA DE ATERRO COM ROLO VIBRATÓRIO A 95% DO PROCTOR NORMAL, INCLUSIVE ESPALHAMENTO | E80: M³ | F80: 128 | G80: 4.33 | H80: =G80+G80*$I$8 -> 5.422026 | I80: =H80*F80 -> 694.01933 | J80: =I78+I79+I80 -> 2902.6998 | K80: =H80*F80 -> 694.01933 | Q80: i = (h * 100) /c
H81: =G81+G81*$I$8 -> 0 | I81: =H81*F81 -> 0 | K81: =H81*F81 -> 0 | Q81: i = (h * 100) /c
D82: ARRIMO | H82: =G82+G82*$I$8 -> 0 | I82: =H82*F82 -> 0 | K82: =H82*F82 -> 0 | N82: =465-461 -> 4 | R82: conciderei uma rampa de 16 metros
H83: =G83+G83*$I$8 -> 0 | I83: =H83*F83 -> 0 | K83: =H83*F83 -> 0 | N83: 4 METROS DE ALTURA | R83: e 4 metros de largura
H84: =G84+G84*$I$8 -> 0 | I84: =H84*F84 -> 0 | K84: =H84*F84 -> 0 | N84: PARA INCLINAÇÃO 8,33% | Q84: 0.125 | S84: 0.33
H85: =G85+G85*$I$8 -> 0 | I85: =H85*F85 -> 0 | K85: =H85*F85 -> 0 | Q85: i = (h * 100) /c
H86: =G86+G86*$I$8 -> 0 | I86: 36000 | K86: =H86*F86 -> 0
D87: TOTAL ITEM I | I87: =SUM(I68:I86) -> 287279.35 | K87: =1500*(26.41+(26.41*I8)) -> 49605.903 | P87: =4/8.33 -> 0.48019208 | R87: =4/12.5 -> 0.32 | S87: =4/33 -> 0.12121212
B88: J | D88: ILUMINAÇÃO | P88: =P87*100 -> 48.019208 | R88: =R87*100 -> 32 | S88: =S87*100 -> 12.121212
B89: 1.0 | C89: ED-49211 | D89: CAIXA PARA MEDIÇÃO, TIPO CM-18, DIMENSÕES CONFORME PADRÃO CEMIG, INCLUSIVE DISJUNTOR, INCLUSIVE BARRAMENTO PARA DISJUNTOR DE 1000A ATÉ 1250A E INSTALAÇÃO (OBS. SÓ SERÁ MEDIDO APÓS LIGAÇÃO, E ESTIVER FUNCIONANDO. TRAMITES NA CEMIG PARA LIGAÇÃO POR CONTA DA CONTRATADA) | E89: UN | F89: 1 | G89: 6539.24 | H89: =G89+G89*$I$8 -> 8188.4363 | I89: =H89*F89 -> 8188.4363
B90: 2.0 | H90: =G90+G90*$I$8 -> 0 | I90: =H90*F90 -> 0 | M90: =0.9-0.6 -> 0.3
B91: 3.0 | H91: =G91+G91*$I$8 -> 0 | I91: =H91*F91 -> 0 | L91: =2.3-0.15 -> 2.15
B92: 4.0 | H92: =G92+G92*$I$8 -> 0 | I92: =H92*F92 -> 0
B93: 4.0 | D93: OLOFORD | H93: =G93+G93*$I$8 -> 0 | I93: =H93*F93 -> 0
B94: 4.0 | H94: =G94+G94*$I$8 -> 0 | I94: =H94*F94 -> 0
B95: 4.0 | H95: =G95+G95*$I$8 -> 0 | I95: =H95*F95 -> 0
B96: 4.0 | H96: =G96+G96*$I$8 -> 0 | I96: 30000
B97: 4.0 | H97: =G97+G97*$I$8 -> 0 | I97: =25*30*50 -> 37500
D98: TOTAL ITEM J | I98: =SUM(I89:I97) -> 75688.436
B99: L | D99: LIMPEZA FINAL | O99: Vestiário | P99: 105000
B100: 1.0 | C100: ED-50266 | D100: LIMPEZA FINAL PARA ENTREGA DA OBRA | E100: M² | F100: =9.3*4.15 -> 38.595 | G100: 5.86 | H100: =G100+G100*$I$8 -> 7.337892 | I100: =H100*F100 -> 283.20594 | M100: =9.3*4.15 -> 38.595 | O100: Campo | P100: =I102-P99 -> #REF!
D101: TOTAL ITEM L | I101: =SUM(I100:I100) -> 283.20594 | M101: =I102/M100 -> #REF!
B102: TOTAL | I102: =I101+I59+I55+I48+I28+I20+I12+I42+I66+I87+I98 -> #REF! | Q102: 330000
...

Sheet PLANILHA ORÇAMENTÁRIA POSTO
B2: PLANILHA ORÇAMENTÁRIA
B4: PREFEITURA MUNICIPAL DE BARRA LONGA
B5: OBRA: PAVIMENTAÇÃO ASFÁLTICA (PMF) | G5: DATA: 29/07/2024
B6: LOCAL: DIVERSOS | F6: FORMA DE EXECUÇÃO: Contratação à Preço Global
B7: REGIÃO/MÊS DE REFERÊNCIA: Tabela de Preços SETOP-Leste/ABRIL 2024 (TOTAL DE 22.700M²) | F7: ( ) DIRETA | H7: ( x ) INDIRETA
B8: PRAZO DE EXECUÇÃO: 90 dias | H8: BDI | I8: 0.2977
B9: ITEM | C9: CODIGO | D9: DESCRIÇÃO | E9: UNID | F9: QUANT | G9: CUSTO | H9: CUSTO + BDI | I9: TOTAL
B10: 1 | D10: INSTALAÇÃO DA OBRA
B11: 1.1 | C11: ED-16660 | D11: PLACA DE OBRA ED-16660 FORNECIMENTO E COLOCAÇÃO DE PLACA DE OBRA EM CHAPA GALVANIZADA #26, ESP. 0,45 MM, PLOTADA COM ADESIVO VINÍLICO, AFIXADA COM REBITES 4,8X40 MM, EM ESTRUTURA METÁLICA DE METALON 20X20 MM, ESP. 1,25 MM, INCLUSIVE SUPORTE EM EUCALIPTO AUTOCLAVADO PINTADO COM TINTA PVA DUAS (2) DEMÃOS | E11: M2 | F11: 4.5 | G11: 303.81 | H11: =G11+G11*$I$8 -> 394.25424 | I11: =H11*F11 -> 1774.1441
D12: TOTAL ITEM A | I12: =SUM(I11:I11) -> 1774.1441
B13: 2 | D13: PAVIMENTAÇÃO
B14: 2.1 | C14: ED-7624 | D14: EXECUÇÃO E APLICAÇÃO DE CONCRETO ASFÁLTICO PRE MISTURADO À FRIO (PMF), EM BETONEIRA, INCLUINDO FORNECIMENTO E TRANSPORTE DOS AGREGADOS E MATERIAL BETUMINOSO, INCLUSIVE TRANSPORTE DA MASSA ASFÁLTICA ATÉ A PISTA | E14: M3 | F14: =22700*0.05 -> 1135 | G14: 848.5 | H14: =G14+G14*$I$8 -> 1101.0984 | I14: =H14*F14 -> 1249746.7
B15: 2.2 | C15: ED-48664 | D15: GUIA DE MEIO-FIO (10X15X22)CM E SARJETA (30X10)CM COM INCLINAÇÃO DE 10%, EM CONCRETO COM FCK 15MPA, MOLDADA IN-LOCO, FORMA EM MADEIRA, INCLUSIVE ESCAVAÇÃO, APILOAMENTO E TRANSPORTE COM RETIRADA DO MATERIAL ESCAVADO (EM CAÇAMBA) | E15: M | F15: =(22700/6)*2 -> 7566.6667 | G15: 96.22 | H15: =G15+G15*$I$8 -> 124.86469 | I15: =H15*F15 -> 944809.52
B16: 2.3 | C16: ED-41444 | D16: Base ou sub-base estabilizada granulometricamente com mistura na pista de solo bica corrida (30% - 70%), com material de jazida e bica corrida comercial - Compactado na energia modificada (Execução, incluído escavação e carga do material de jazida, fornecimento e carga da bica corrida, exclui o transporte) | E16: M3 | F16: =22700*0.2 -> 4540 | G16: 64.34 | H16: =G16+G16*$I$8 -> 83.494018 | I16: =H16*F16 -> 379062.84
B17: 2.4 | C17: ED-29233 | D17: TRANSPORTE DE MATERIAL DE QUALQUER NATUREZA EM CAMINHÃO, DISTÂNCIA MAIOR QUE 10KM E MENOR OU IGUAL A 20KM, DENTRO DO PERÍMETRO URBANO, EXCLUSIVE CARGA, INCLUSIVE DESCARGA | E17: M3xKM | F17: =F16*20 -> 90800 | G17: 2.04 | H17: =G17+G17*$I$8 -> 2.647308 | I17: =H17*F17 -> 240375.57
B18: 2.5 | C18: ED-51105 | D18: ESCAVAÇÃO MECÂNICA EM MATERIAL DE 1ª CATEGORIA, INCLUSIVE DESCARGA LATERAL, EXCLUSIVE TRANSPORTE | E18: M3 | F18: =F19*1*1.249346 -> 424.77764 | G18: 7.865 | H18: =G18+G18*$I$8 -> 10.206411 | I18: =H18*F18 -> 4335.455
B19: 2.6 | C19: ED-48680 | D19: TUBO DE CONCRETO ARMADO, CLASSE PA1, DIÂMETRO 400MM, INCLUSIVE FORNECIMENTO, ASSENTAMENTO E REJUNTAMENTO, EXCLUSIVE ESCAVAÇÃO | E19: M | F19: 340 | G19: 152.81 | H19: =G19+G19*$I$8 -> 198.30154 | I19: =H19*F19 -> 67422.523
B20: 2.7 | C20: ED-48550 | D20: BOCA DE LOBO SIMPLES (TIPO B - CONCRETO), QUADRO, GRELHA E CANTONEIRA, INCLUSIVE ESCAVAÇÃO, REATERRO E BOTA FORA | E20: U | F20: 66 | G20: 1313.2 | H20: =G20+G20*$I$8 -> 1704.1396 | I20: =H20*F20 -> 112473.22
C22: ED-51132 | D22: CARGA MECÂNICA DE MATERIAL DE QUALQUER NATUREZA SOBRE CAMINHÃO, EXCLUSIVE TRANSPORTE | E22: M3 | G22: 3.01 | H22: =G22+G22*$I$8 -> 3.906077 | I22: =H22*F22 -> 0
C23: ED-29229 | D23: TRANSPORTE DE MATERIAL DE QUALQUER NATUREZA EM CAMINHÃO, DISTÂNCIA MENOR OU IGUAL A 1KM, DENTRO DO PERÍMETRO URBANO, EXCLUSIVE CARGA, INCLUSIVE DESCARGA | E23: M3 | G23: 6.36 | H23: =G23+G23*$I$8 -> 8.253372 | I23: =H23*F23 -> 0
D24: TOTAL ITEM B | I24: =SUM(I14:I23) -> 2998225.9
D26: VALOR TOTAL | I26: =I24+I12 -> 3000000
H27: CUSTO / M2 | I27: =I26/22700 -> 132.15859
D30: Luciano Mendes Pereira
D31: Engº Civil - CREA 58802/D
A34: 1 | B34: 800 | C34: 4.00 | D34: MORRO COVANCA 3.200M² | E34: =800*4 -> 3200
A35: 2 | B35: 690 | C35: 5.00 | D35: MORRO PIMENTA 3.450M² | E35: =690*5 -> 3450
A36: 3 | B36: 500 | C36: 4.00 | D36: SAIDA CUNHA 2.000M² | E36: =500*4 -> 2000
A37: 4 | B37: 690 | C37: 5.00 | D37: MORRO FRAGOSO 3.450M² | E37: =690*5 -> 3450
A38: 5 | B38: 920 | C38: 5.00 | D38: PONTE FELIPE SANTOS 4.600M² | E38: =920*5 -> 4600
A39: 6 | B39: 1000 | C39: 6.00 | D39: GETULIO ETRUSCO 6.000M² | E39: =1000*6 -> 6000
A40: 7 | E40: =SUM(E34:E39) -> 22700
A41: 8
A42: T= | B42: 22.700M²
B43: TOTAL | C43: S/SARJETA

Sheet 1º Boletim de Medição
B1: BOLETIM DE MEDIÇÃO
B2: PREFEITURA MUNICIPAL DE BARRA LONGA | E2: BOLETIM DE MEDIÇÃO n.º 1 | L2: Folha:1/1
B3: Contratada: SMP SERVIÇOS EIRELI | I3: Data de Emissão: 06/08/2020
B4: Obra: | E4: Licitação nº TP 005/2019 | I4: Período de execução: 06/08/2020 a 15/04/2020
B5: REFORMA DA CORPORAÇÃO UNIÃO MUSICAL SÃO JOSÉ | E5: Contrato nº 4501/2019 | L5: SALDOS
E6: Ordem de Serviço N.º: 001 | H6: Valor do contrato: | K6: Anterior: | L6: Esta Medição: | M6: Atual:
E7: Data da Ordem de Serviço: 02/01/2020 | H7: ='PLANILHA ORÇAMENTÁRIA LAJE'!I102 -> #REF! | L7: =L76 -> #REF! | M7: =H7-L7 -> #REF!
B9: ITEM | C9: CÓDIGO | D9: DESCRIÇÃO | E9: QUANT. PREVISTA | F9: QUANTIDADE EXECUTADA | I9: UNIDADE | J9: CUSTO | K9: VALOR UNITÁRIO | L9: VALORES EXECUTADOS (R$) | N9: TOTAL | P9: Saldo de Quantitativos | Q9: Saldo
F11: Anterior | G11: No Período | H11: Acumulado | L11: No período | M11: Acumulado
B12: A | D12: INSTALAÇÃO DA OBRA
B13: 1.0 | C13: IIO-PLA- 005 | D13: ='PLANILHA ORÇAMENTÁRIA LAJE'!D11 -> PLACA DE OBRA ED-16660 FORNECIMENTO E COLOCAÇÃO DE PLACA DE OBRA EM CHAPA GALVANIZADA #26, ESP. 0,45 MM, PLOTADA COM ADESIVO VINÍLICO, AFIXADA COM REBITES 4,8X40 MM, EM ESTRUTURA METÁLICA DE METALON 20X20 MM, ESP. 1,25 MM, INCLUSIVE SUPORTE EM EUCALIPTO AUTOCLAVADO PINTADO COM TINTA PVA DUAS (2) DEMÃOS | E13: ='PLANILHA ORÇAMENTÁRIA LAJE'!F11 -> 2.5 | F13: 0 | H13: =G13+F13 -> 0 | I13: ='PLANILHA ORÇAMENTÁRIA LAJE'!E11 -> M2 | K13: ='PLANILHA ORÇAMENTÁRIA LAJE'!H11 -> 397.83646 | L13: =K13*G13 -> 0 | M13: =L13 -> 0 | P13: =E13-H13 -> 2.5 | Q13: =P13*K13 -> 994.59115
B14: 2.0 | C14: ='PLANILHA ORÇAMENTÁRIA LAJE'!#REF! -> #REF! | D14: ='PLANILHA ORÇAMENTÁRIA LAJE'!#REF! -> #REF! | E14: ='PLANILHA ORÇAMENTÁRIA LAJE'!#REF! -> #REF! | F14: 0 | H14: =G14+F14 -> 0 | I14: ='PLANILHA ORÇAMENTÁRIA LAJE'!#REF! -> #REF! | K14: ='PLANILHA ORÇAMENTÁRIA LAJE'!#REF! -> #REF! | L14: =K14*G14 -> #REF! | M14: =L14 -> #REF! | P14: =E14-H14 -> #REF! | Q14: =P14*K14 -> #REF!
B15: 3.0 | C15: ='PLANILHA ORÇAMENTÁRIA LAJE'!#REF! -> #REF! | D15: ='PLANILHA ORÇAMENTÁRIA LAJE'!#REF! -> #REF! | E15: ='PLANILHA ORÇAMENTÁRIA LAJE'!#REF! -> #REF! | F15: 0 | H15: =G15+F15 -> 0 | I15: ='PLANILHA ORÇAMENTÁRIA LAJE'!#REF! -> #REF! | K15: ='PLANILHA ORÇAMENTÁRIA LAJE'!#REF! -> #REF! | L15: =K15*G15 -> #REF! | M15: =L15 -> #REF! | P15: =E15-H15 -> #REF! | Q15: =P15*K15 -> #REF!
D16: TOTAL ITEM A | M16: =SUM(M13:M15) -> #REF! | N16: =SUM(N13) -> 0
B17: B | D17: ='PLANILHA ORÇAMENTÁRIA LAJE'!D56 -> PINTURA
B18: 1.0 | C18: ='PLANILHA ORÇAMENTÁRIA LAJE'!#REF! -> #REF! | D18: ='PLANILHA ORÇAMENTÁRIA LAJE'!#REF! -> #REF! | E18: ='PLANILHA ORÇAMENTÁRIA LAJE'!#REF! -> #REF! | F18: 0 | H18: =G18+F18 -> 0 | I18: ='PLANILHA ORÇAMENTÁRIA LAJE'!#REF! -> #REF! | K18: ='PLANILHA ORÇAMENTÁRIA LAJE'!#REF! -> #REF! | L18: =K18*G18 -> #REF! | M18: =L18 -> #REF! | P18: =E18-H18 -> #REF! | Q18: =P18*K18 -> #REF!
B19: 2.0 | C19: ='PLANILHA ORÇAMENTÁRIA LAJE'!#REF! -> #REF! | D19: ='PLANILHA ORÇAMENTÁRIA LAJE'!#REF! -> #REF! | E19: ='PLANILHA ORÇAMENTÁRIA LAJE'!#REF! -> #REF! | F19: 0 | H19: =G19+F19 -> 0 | I19: ='PLANILHA ORÇAMENTÁRIA LAJE'!#REF! -> #REF! | K19: ='PLANILHA ORÇAMENTÁRIA LAJE'!#REF! -> #REF! | L19: =K19*G19 -> #REF! | M19: =L19 -> #REF! | P19: =E19-H19 -> #REF! | Q19: =P19*K19 -> #REF!
B20: 3.0 | C20: ='PLANILHA ORÇAMENTÁRIA LAJE'!#REF! -> #REF! | D20: ='PLANILHA ORÇAMENTÁRIA LAJE'!#REF! -> #REF! | E20: ='PLANILHA ORÇAMENTÁRIA LAJE'!#REF! -> #REF! | F20: 0 | H20: =G20+F20 -> 0 | I20: ='PLANILHA ORÇAMENTÁRIA LAJE'!#REF! -> #REF! | K20: ='PLANILHA ORÇAMENTÁRIA LAJE'!#REF! -> #REF! | L20: =K20*G20 -> #REF! | M20: =L20 -> #REF! | P20: =E20-H20 -> #REF! | Q20: =P20*K20 -> #REF!
B21: 4.0 | C21: ='PLANILHA ORÇAMENTÁRIA LAJE'!#REF! -> #REF! | D21: ='PLANILHA ORÇAMENTÁRIA LAJE'!#REF! -> #REF! | E21: ='PLANILHA ORÇAMENTÁRIA LAJE'!#REF! -> #REF! | F21: 0 | H21: =G21+F21 -> 0 | I21: ='PLANILHA ORÇAMENTÁRIA LAJE'!#REF! -> #REF! | K21: ='PLANILHA ORÇAMENTÁRIA LAJE'!#REF! -> #REF! | L21: =K21*G21 -> #REF! | M21: =L21 -> #REF! | P21: =E21-H21 -> #REF! | Q21: =P21*K21 -> #REF!
D22: TOTAL ITEM B | M22: =SUM(M18:M20) -> #REF! | N22: =SUM(N18:N18) -> 0
B23: C | D23: ='PLANILHA ORÇAMENTÁRIA LAJE'!#REF! -> #REF!
B24: 1.0 | C24: ='PLANILHA ORÇAMENTÁRIA LAJE'!#REF! -> #REF! | D24: ='PLANILHA ORÇAMENTÁRIA LAJE'!#REF! -> #REF! | E24: ='PLANILHA ORÇAMENTÁRIA LAJE'!#REF! -> #REF! | F24: 0 | H24: =G24+F24 -> 0 | I24: ='PLANILHA ORÇAMENTÁRIA LAJE'!#REF! -> #REF! | K24: ='PLANILHA ORÇAMENTÁRIA LAJE'!#REF! -> #REF! | L24: =K24*G24 -> #REF! | M24: =L24 -> #REF! | P24: =E24-H24 -> #REF! | Q24: =P24*K24 -> #REF!
B25: 2.0 | C25: ='PLANILHA ORÇAMENTÁRIA LAJE'!#REF! -> #REF! | D25: ='PLANILHA ORÇAMENTÁRIA LAJE'!#REF! -> #REF! | E25: ='PLANILHA ORÇAMENTÁRIA LAJE'!#REF! -> #REF! | F25: 0 | H25: =G25+F25 -> 0 | I25: ='PLANILHA ORÇAMENTÁRIA LAJE'!#REF! -> #REF! | K25: ='PLANILHA ORÇAMENTÁRIA LAJE'!#REF! -> #REF! | L25: =K25*G25 -> #REF! | M25: =L25 -> #REF! | P25: =E25-H25 -> #REF! | Q25: =P25*K25 -> #REF!
D26: ='PLANILHA ORÇAMENTÁRIA LAJE'!#REF! -> #REF! | M26: =SUM(M24:M25) -> #REF!
B27: D | D27: ='PLANILHA ORÇAMENTÁRIA LAJE'!#REF! -> #REF!
B28: 1.0 | C28: ='PLANILHA ORÇAMENTÁRIA LAJE'!#REF! -> #REF! | D28: ='PLANILHA ORÇAMENTÁRIA LAJE'!#REF! -> #REF! | E28: ='PLANILHA ORÇAMENTÁRIA LAJE'!#REF! -> #REF! | F28: 0 | H28: =G28+F28 -> 0 | I28: ='PLANILHA ORÇAMENTÁRIA LAJE'!#REF! -> #REF! | K28: ='PLANILHA ORÇAMENTÁRIA LAJE'!#REF! -> #REF! | L28: =K28*G28 -> #REF! | M28: =L28 -> #REF! | P28: =E28-H28 -> #REF! | Q28: =P28*K28 -> #REF!
B29: 2.0 | C29: ='PLANILHA ORÇAMENTÁRIA LAJE'!#REF! -> #REF! | D29: ='PLANILHA ORÇAMENTÁRIA LAJE'!#REF! -> #REF! | E29: ='PLANILHA ORÇAMENTÁRIA LAJE'!#REF! -> #REF! | F29: 0 | H29: =G29+F29 -> 0 | I29: ='PLANILHA ORÇAMENTÁRIA LAJE'!#REF! -> #REF! | K29: ='PLANILHA ORÇAMENTÁRIA LAJE'!#REF! -> #REF! | L29: =K29*G29 -> #REF! | M29: =L29 -> #REF! | P29: =E29-H29 -> #REF! | Q29: =P29*K29 -> #REF!
B30: 3.0 | C30: ='PLANILHA ORÇAMENTÁRIA LAJE'!#REF! -> #REF! | D30: ='PLANILHA ORÇAMENTÁRIA LAJE'!#REF! -> #REF! | E30: ='PLANILHA ORÇAMENTÁRIA LAJE'!#REF! -> #REF! | F30: 0 | H30: =G30+F30 -> 0 | I30: ='PLANILHA ORÇAMENTÁRIA LAJE'!#REF! -> #REF! | K30: ='PLANILHA ORÇAMENTÁRIA LAJE'!#REF! -> #REF! | L30: =K30*G30 -> #REF! | M30: =L30 -> #REF! | P30: =E30-H30 -> #REF! | Q30: =P30*K30 -> #REF!
B31: 4.0 | C31: ='PLANILHA ORÇAMENTÁRIA LAJE'!#REF! -> #REF! | D31: ='PLANILHA ORÇAMENTÁRIA LAJE'!#REF! -> #REF! | E31: ='PLANILHA ORÇAMENTÁRIA LAJE'!#REF! -> #REF! | F31: 0 | H31: =G31+F31 -> 0 | I31: ='PLANILHA ORÇAMENTÁRIA LAJE'!#REF! -> #REF! | K31: ='PLANILHA ORÇAMENTÁRIA LAJE'!#REF! -> #REF! | L31: =K31*G31 -> #REF! | M31: =L31 -> #REF! | P31: =E31-H31 -> #REF! | Q31: =P31*K31 -> #REF!
B32: 5.0 | C32: ='PLANILHA ORÇAMENTÁRIA LAJE'!#REF! -> #REF! | D32: ='PLANILHA ORÇAMENTÁRIA LAJE'!#REF! -> #REF! | E32: ='PLANILHA ORÇAMENTÁRIA LAJE'!#REF! -> #REF! | F32: 0 | H32: =G32+F32 -> 0 | I32: ='PLANILHA ORÇAMENTÁRIA LAJE'!#REF! -> #REF! | K32: ='PLANILHA ORÇAMENTÁRIA LAJE'!#REF! -> #REF! | L32: =K32*G32 -> #REF! | M32: =L32 -> #REF! | P32: =E32-H32 -> #REF! | Q32: =P32*K32 -> #REF!
B33: 6.0 | C33: ='PLANILHA ORÇAMENTÁRIA LAJE'!#REF! -> #REF! | D33: ='PLANILHA ORÇAMENTÁRIA LAJE'!#REF! -> #REF! | E33: ='PLANILHA ORÇAMENTÁRIA LAJE'!#REF! -> #REF! | F33: 0 | H33: =G33+F33 -> 0 | I33: ='PLANILHA ORÇAMENTÁRIA LAJE'!#REF! -> #REF! | K33: ='PLANILHA ORÇAMENTÁRIA LAJE'!#REF! -> #REF! | L33: =K33*G33 -> #REF! | M33: =L33 -> #REF! | P33: =E33-H33 -> #REF! | Q33: =P33*K33 -> #REF!
D34: TOTAL ITEM D | M34: =SUM(M28:M32) -> #REF!
B35: E | D35: ='PLANILHA ORÇAMENTÁRIA LAJE'!#REF! -> #REF!
B36: 1.0 | C36: ='PLANILHA ORÇAMENTÁRIA LAJE'!#REF! -> #REF! | D36: ='PLANILHA ORÇAMENTÁRIA LAJE'!#REF! -> #REF! | E36: ='PLANILHA ORÇAMENTÁRIA LAJE'!#REF! -> #REF! | F36: 0 | H36: =G36+F36 -> 0 | I36: ='PLANILHA ORÇAMENTÁRIA LAJE'!#REF! -> #REF! | K36: ='PLANILHA ORÇAMENTÁRIA LAJE'!#REF! -> #REF! | L36: =K36*G36 -> #REF! | M36: =L36 -> #REF! | P36: =E36-H36 -> #REF! | Q36: =P36*K36 -> #REF!
B37: 2.0 | C37: ='PLANILHA ORÇAMENTÁRIA LAJE'!#REF! -> #REF! | D37: ='PLANILHA ORÇAMENTÁRIA LAJE'!#REF! -> #REF! | E37: ='PLANILHA ORÇAMENTÁRIA LAJE'!#REF! -> #REF! | F37: 0 | H37: =G37+F37 -> 0 | I37: ='PLANILHA ORÇAMENTÁRIA LAJE'!#REF! -> #REF! | K37: ='PLANILHA ORÇAMENTÁRIA LAJE'!#REF! -> #REF! | L37: =K37*G37 -> #REF! | M37: =L37 -> #REF! | P37: =E37-H37 -> #REF! | Q37: =P37*K37 -> #REF!
B38: 3.0 | C38: ='PLANILHA ORÇAMENTÁRIA LAJE'!#REF! -> #REF! | D38: ='PLANILHA ORÇAMENTÁRIA LAJE'!#REF! -> #REF! | E38: ='PLANILHA ORÇAMENTÁRIA LAJE'!#REF! -> #REF! | F38: 0 | H38: =G38+F38 -> 0 | I38: ='PLANILHA ORÇAMENTÁRIA LAJE'!#REF! -> #REF! | K38: ='PLANILHA ORÇAMENTÁRIA LAJE'!#REF! -> #REF! | L38: =K38*G38 -> #REF! | M38: =L38 -> #REF! | P38: =E38-H38 -> #REF! | Q38: =P38*K38 -> #REF!
B39: 4.0 | C39: ='PLANILHA ORÇAMENTÁRIA LAJE'!#REF! -> #REF! | D39: ='PLANILHA ORÇAMENTÁRIA LAJE'!#REF! -> #REF! | E39: ='PLANILHA ORÇAMENTÁRIA LAJE'!#REF! -> #REF! | F39: 0 | H39: =G39+F39 -> 0 | I39: ='PLANILHA ORÇAMENTÁRIA LAJE'!#REF! -> #REF! | K39: ='PLANILHA ORÇAMENTÁRIA LAJE'!#REF! -> #REF! | L39: =K39*G39 -> #REF! | M39: =L39 -> #REF! | P39: =E39-H39 -> #REF! | Q39: =P39*K39 -> #REF!
B40: 5.0 | C40: ='PLANILHA ORÇAMENTÁRIA LAJE'!#REF! -> #REF! | D40: ='PLANILHA ORÇAMENTÁRIA LAJE'!#REF! -> #REF! | E40: ='PLANILHA ORÇAMENTÁRIA LAJE'!#REF! -> #REF! | F40: 0 | H40: =G40+F40 -> 0 | I40: ='PLANILHA ORÇAMENTÁRIA LAJE'!#REF! -> #REF! | K40: ='PLANILHA ORÇAMENTÁRIA LAJE'!#REF! -> #REF! | L40: =K40*G40 -> #REF! | M40: =L40 -> #REF! | P40: =E40-H40 -> #REF! | Q40: =P40*K40 -> #REF!
B41: 6.0 | C41: ='PLANILHA ORÇAMENTÁRIA LAJE'!#REF! -> #REF! | D41: ='PLANILHA ORÇAMENTÁRIA LAJE'!#REF! -> #REF! | E41: ='PLANILHA ORÇAMENTÁRIA LAJE'!#REF! -> #REF! | F41: 0 | H41: =G41+F41 -> 0 | I41: ='PLANILHA ORÇAMENTÁRIA LAJE'!#REF! -> #REF! | K41: ='PLANILHA ORÇAMENTÁRIA LAJE'!#REF! -> #REF! | L41: =K41*G41 -> #REF! | M41: =L41 -> #REF! | P41: =E41-H41 -> #REF! | Q41: =P41*K41 -> #REF!
B42: 7.0 | C42: ='PLANILHA ORÇAMENTÁRIA LAJE'!#REF! -> #REF! | D42: ='PLANILHA ORÇAMENTÁRIA LAJE'!#REF! -> #REF! | E42: ='PLANILHA ORÇAMENTÁRIA LAJE'!#REF! -> #REF! | F42: 0 | H42: =G42+F42 -> 0 | I42: ='PLANILHA ORÇAMENTÁRIA LAJE'!#REF! -> #REF! | K42: ='PLANILHA ORÇAMENTÁRIA LAJE'!#REF! -> #REF! | L42: =K42*G42 -> #REF! | M42: =L42 -> #REF! | P42: =E42-H42 -> #REF! | Q42: =P42*K42 -> #REF!
D43: TOTAL ITEM E | M43: =SUM(M36:M42) -> #REF!
B44: F | D44: ='PLANILHA ORÇAMENTÁRIA LAJE'!#REF! -> #REF! | N44: =SUM(N43:N43) -> 0
B45: ='PLANILHA ORÇAMENTÁRIA LAJE'!#REF! -> #REF! | C45: ='PLANILHA ORÇAMENTÁRIA LAJE'!#REF! -> #REF! | D45: ='PLANILHA ORÇAMENTÁRIA LAJE'!#REF! -> #REF! | E45: ='PLANILHA ORÇAMENTÁRIA LAJE'!#REF! -> #REF! | F45: 0 | H45: =G45+F45 -> 0 | I45: ='PLANILHA ORÇAMENTÁRIA LAJE'!#REF! -> #REF! | K45: ='PLANILHA ORÇAMENTÁRIA LAJE'!#REF! -> #REF! | L45: =K45*G45 -> #REF! | M45: =L45 -> #REF! | P45: =E45-H45 -> #REF! | Q45: =P45*K45 -> #REF!
B46: ='PLANILHA ORÇAMENTÁRIA LAJE'!#REF! -> #REF! | C46: ='PLANILHA ORÇAMENTÁRIA LAJE'!#REF! -> #REF! | D46: ='PLANILHA ORÇAMENTÁRIA LAJE'!#REF! -> #REF! | E46: ='PLANILHA ORÇAMENTÁRIA LAJE'!#REF! -> #REF! | F46: 0 | H46: =G46+F46 -> 0 | I46: ='PLANILHA ORÇAMENTÁRIA LAJE'!#REF! -> #REF! | K46: ='PLANILHA ORÇAMENTÁRIA LAJE'!#REF! -> #REF! | L46: =K46*G46 -> #REF! | M46: =L46 -> #REF! | P46: =E46-H46 -> #REF! | Q46: =P46*K46 -> #REF!
B47: ='PLANILHA ORÇAMENTÁRIA LAJE'!#REF! -> #REF! | C47: ='PLANILHA ORÇAMENTÁRIA LAJE'!#REF! -> #REF! | D47: ='PLANILHA ORÇAMENTÁRIA LAJE'!#REF! -> #REF! | E47: ='PLANILHA ORÇAMENTÁRIA LAJE'!#REF! -> #REF! | F47: 0 | H47: =G47+F47 -> 0 | I47: ='PLANILHA ORÇAMENTÁRIA LAJE'!#REF! -> #REF! | K47: ='PLANILHA ORÇAMENTÁRIA LAJE'!#REF! -> #REF! | L47: =K47*G47 -> #REF! | M47: =L47 -> #REF! | N47: =SUM(N46:N46) -> 0 | P47: =E47-H47 -> #REF! | Q47: =P47*K47 -> #REF!
B48: ='PLANILHA ORÇAMENTÁRIA LAJE'!#REF! -> #REF! | C48: ='PLANILHA ORÇAMENTÁRIA LAJE'!#REF! -> #REF! | D48: ='PLANILHA ORÇAMENTÁRIA LAJE'!#REF! -> #REF! | E48: ='PLANILHA ORÇAMENTÁRIA LAJE'!#REF! -> #REF! | F48: 0 | H48: =G48+F48 -> 0 | I48: ='PLANILHA ORÇAMENTÁRIA LAJE'!#REF! -> #REF! | K48: ='PLANILHA ORÇAMENTÁRIA LAJE'!#REF! -> #REF! | L48: =K48*G48 -> #REF! | M48: =L48 -> #REF! | P48: =E48-H48 -> #REF! | Q48: =P48*K48 -> #REF!
B49: 5.0 | C49: ='PLANILHA ORÇAMENTÁRIA LAJE'!#REF! -> #REF! | D49: ='PLANILHA ORÇAMENTÁRIA LAJE'!#REF! -> #REF! | E49: ='PLANILHA ORÇAMENTÁRIA LAJE'!#REF! -> #REF! | F49: 0 | H49: =G49+F49 -> 0 | I49: ='PLANILHA ORÇAMENTÁRIA LAJE'!#REF! -> #REF! | K49: ='PLANILHA ORÇAMENTÁRIA LAJE'!#REF! -> #REF! | L49: =K49*G49 -> #REF! | M49: =L49 -> #REF! | P49: =E49-H49 -> #REF! | Q49: =P49*K49 -> #REF!
D50: ='PLANILHA ORÇAMENTÁRIA LAJE'!#REF! -> #REF! | M50: =SUM(M45:M49) -> #REF!
B51: ='PLANILHA ORÇAMENTÁRIA LAJE'!#REF! -> #REF! | D51: ='PLANILHA ORÇAMENTÁRIA LAJE'!#REF! -> #REF!
B52: ='PLANILHA ORÇAMENTÁRIA LAJE'!#REF! -> #REF! | C52: ='PLANILHA ORÇAMENTÁRIA LAJE'!#REF! -> #REF! | D52: ='PLANILHA ORÇAMENTÁRIA LAJE'!#REF! -> #REF! | E52: ='PLANILHA ORÇAMENTÁRIA LAJE'!#REF! -> #REF! | F52: 0 | H52: =G52+F52 -> 0 | I52: ='PLANILHA ORÇAMENTÁRIA LAJE'!#REF! -> #REF! | K52: ='PLANILHA ORÇAMENTÁRIA LAJE'!#REF! -> #REF! | L52: =K52*G52 -> #REF! | M52: =L52 -> #REF! | P52: =E52-H52 -> #REF! | Q52: =P52*K52 -> #REF!
B53: 2.0 | C53: ='PLANILHA ORÇAMENTÁRIA LAJE'!#REF! -> #REF! | D53: ='PLANILHA ORÇAMENTÁRIA LAJE'!#REF! -> #REF! | E53: ='PLANILHA ORÇAMENTÁRIA LAJE'!#REF! -> #REF! | F53: 0 | H53: =G53+F53 -> 0 | I53: ='PLANILHA ORÇAMENTÁRIA LAJE'!#REF! -> #REF! | K53: ='PLANILHA ORÇAMENTÁRIA LAJE'!#REF! -> #REF! | L53: =K53*G53 -> #REF! | M53: =L53 -> #REF! | P53: =E53-H53 -> #REF! | Q53: =P53*K53 -> #REF!
B54: 3.0 | C54: ='PLANILHA ORÇAMENTÁRIA LAJE'!#REF! -> #REF! | D54: ='PLANILHA ORÇAMENTÁRIA LAJE'!#REF! -> #REF! | E54: ='PLANILHA ORÇAMENTÁRIA LAJE'!#REF! -> #REF! | F54: 0 | H54: =G54+F54 -> 0 | I54: ='PLANILHA ORÇAMENTÁRIA LAJE'!#REF! -> #REF! | K54: ='PLANILHA ORÇAMENTÁRIA LAJE'!#REF! -> #REF! | L54: =K54*G54 -> #REF! | M54: =L54 -> #REF! | P54: =E54-H54 -> #REF! | Q54: =P54*K54 -> #REF!
B55: 4.0 | C55: ='PLANILHA ORÇAMENTÁRIA LAJE'!#REF! -> #REF! | D55: ='PLANILHA ORÇAMENTÁRIA LAJE'!#REF! -> #REF! | E55: ='PLANILHA ORÇAMENTÁRIA LAJE'!#REF! -> #REF! | F55: 0 | H55: =G55+F55 -> 0 | I55: ='PLANILHA ORÇAMENTÁRIA LAJE'!#REF! -> #REF! | K55: ='PLANILHA ORÇAMENTÁRIA LAJE'!#REF! -> #REF! | L55: =K55*G55 -> #REF! | M55: =L55 -> #REF! | P55: =E55-H55 -> #REF! | Q55: =P55*K55 -> #REF!
B56: 5.0 | C56: ='PLANILHA ORÇAMENTÁRIA LAJE'!#REF! -> #REF! | D56: ='PLANILHA ORÇAMENTÁRIA LAJE'!#REF! -> #REF! | E56: ='PLANILHA ORÇAMENTÁRIA LAJE'!#REF! -> #REF! | F56: 0 | H56: =G56+F56 -> 0 | I56: ='PLANILHA ORÇAMENTÁRIA LAJE'!#REF! -> #REF! | K56: ='PLANILHA ORÇAMENTÁRIA LAJE'!#REF! -> #REF! | L56: =K56*G56 -> #REF! | M56: =L56 -> #REF! | P56: =E56-H56 -> #REF! | Q56: =P56*K56 -> #REF!
B57: 6.0 | C57: ='PLANILHA ORÇAMENTÁRIA LAJE'!#REF! -> #REF! | D57: ='PLANILHA ORÇAMENTÁRIA LAJE'!#REF! -> #REF! | E57: ='PLANILHA ORÇAMENTÁRIA LAJE'!#REF! -> #REF! | F57: 0 | H57: =G57+F57 -> 0 | I57: ='PLANILHA ORÇAMENTÁRIA LAJE'!#REF! -> #REF! | K57: ='PLANILHA ORÇAMENTÁRIA LAJE'!#REF! -> #REF! | L57: =K57*G57 -> #REF! | M57: =L57 -> #REF! | P57: =E57-H57 -> #REF! | Q57: =P57*K57 -> #REF!
D58: TOTAL ITEM G | M58: =SUM(M52:M57) -> #REF!
B59: H | D59: ='PLANILHA ORÇAMENTÁRIA LAJE'!#REF! -> #REF! | N59: =SUM(#REF!) -> #REF!
B60: ='PLANILHA ORÇAMENTÁRIA LAJE'!#REF! -> #REF! | C60: ='PLANILHA ORÇAMENTÁRIA LAJE'!#REF! -> #REF! | D60: ='PLANILHA ORÇAMENTÁRIA LAJE'!#REF! -> #REF! | E60: ='PLANILHA ORÇAMENTÁRIA LAJE'!#REF! -> #REF! | F60: 0 | H60: =G60+F60 -> 0 | I60: ='PLANILHA ORÇAMENTÁRIA LAJE'!#REF! -> #REF! | K60: ='PLANILHA ORÇAMENTÁRIA LAJE'!#REF! -> #REF! | L60: =K60*G60 -> #REF! | M60: =L60 -> #REF! | P60: =E60-H60 -> #REF! | Q60: =P60*K60 -> #REF!
B61: ='PLANILHA ORÇAMENTÁRIA LAJE'!#REF! -> #REF! | C61: ='PLANILHA ORÇAMENTÁRIA LAJE'!#REF! -> #REF! | D61: ='PLANILHA ORÇAMENTÁRIA LAJE'!#REF! -> #REF! | E61: ='PLANILHA ORÇAMENTÁRIA LAJE'!#REF! -> #REF! | F61: 0 | H61: =G61+F61 -> 0 | I61: ='PLANILHA ORÇAMENTÁRIA LAJE'!#REF! -> #REF! | K61: ='PLANILHA ORÇAMENTÁRIA LAJE'!#REF! -> #REF! | L61: =K61*G61 -> #REF! | M61: =L61 -> #REF! | P61: =E61-H61 -> #REF! | Q61: =P61*K61 -> #REF!
D62: TOTAL ITEM H | M62: =SUM(M60:M61) -> #REF!
B63: I | D63: ='PLANILHA ORÇAMENTÁRIA LAJE'!#REF! -> #REF!
B64: ='PLANILHA ORÇAMENTÁRIA LAJE'!#REF! -> #REF! | C64: ='PLANILHA ORÇAMENTÁRIA LAJE'!#REF! -> #REF! | D64: ='PLANILHA ORÇAMENTÁRIA LAJE'!#REF! -> #REF! | E64: ='PLANILHA ORÇAMENTÁRIA LAJE'!#REF! -> #REF! | F64: 0 | H64: =G64+F64 -> 0 | I64: ='PLANILHA ORÇAMENTÁRIA LAJE'!#REF! -> #REF! | K64: ='PLANILHA ORÇAMENTÁRIA LAJE'!#REF! -> #REF! | L64: =K64*G64 -> #REF! | M64: =L64 -> #REF! | P64: =E64-H64 -> #REF! | Q64: =P64*K64 -> #REF!
B65: ='PLANILHA ORÇAMENTÁRIA LAJE'!#REF! -> #REF! | C65: ='PLANILHA ORÇAMENTÁRIA LAJE'!#REF! -> #REF! | D65: ='PLANILHA ORÇAMENTÁRIA LAJE'!#REF! -> #REF! | E65: ='PLANILHA ORÇAMENTÁRIA LAJE'!#REF! -> #REF! | F65: 0 | H65: =G65+F65 -> 0 | I65: ='PLANILHA ORÇAMENTÁRIA LAJE'!#REF! -> #REF! | K65: ='PLANILHA ORÇAMENTÁRIA LAJE'!#REF! -> #REF! | L65: =K65*G65 -> #REF! | M65: =L65 -> #REF! | P65: =E65-H65 -> #REF! | Q65: =P65*K65 -> #REF!
B66: ='PLANILHA ORÇAMENTÁRIA LAJE'!#REF! -> #REF! | C66: ='PLANILHA ORÇAMENTÁRIA LAJE'!#REF! -> #REF! | D66: ='PLANILHA ORÇAMENTÁRIA LAJE'!#REF! -> #REF! | E66: ='PLANILHA ORÇAMENTÁRIA LAJE'!#REF! -> #REF! | F66: 0 | H66: =G66+F66 -> 0 | I66: ='PLANILHA ORÇAMENTÁRIA LAJE'!#REF! -> #REF! | K66: ='PLANILHA ORÇAMENTÁRIA LAJE'!#REF! -> #REF! | L66: =K66*G66 -> #REF! | M66: =L66 -> #REF! | P66: =E66-H66 -> #REF! | Q66: =P66*K66 -> #REF!
D67: TOTAL ITEM I | M67: =SUM(M64:M66) -> #REF!
B68: J | D68: ='PLANILHA ORÇAMENTÁRIA LAJE'!#REF! -> #REF!
B69: 1.0 | C69: ='PLANILHA ORÇAMENTÁRIA LAJE'!#REF! -> #REF! | D69: ='PLANILHA ORÇAMENTÁRIA LAJE'!#REF! -> #REF! | E69: ='PLANILHA ORÇAMENTÁRIA LAJE'!#REF! -> #REF! | F69: 0 | H69: =G69+F69 -> 0 | I69: ='PLANILHA ORÇAMENTÁRIA LAJE'!#REF! -> #REF! | K69: ='PLANILHA ORÇAMENTÁRIA LAJE'!#REF! -> #REF! | L69: =K69*G69 -> #REF! | M69: =L69 -> #REF! | P69: =E69-H69 -> #REF! | Q69: =P69*K69 -> #REF!
D70: ='PLANILHA ORÇAMENTÁRIA LAJE'!#REF! -> #REF! | M70: =M69 -> #REF!
B71: K | D71: ='PLANILHA ORÇAMENTÁRIA LAJE'!#REF! -> #REF!
B72: 1.0 | C72: ='PLANILHA ORÇAMENTÁRIA LAJE'!#REF! -> #REF! | D72: ='PLANILHA ORÇAMENTÁRIA LAJE'!#REF! -> #REF! | E72: ='PLANILHA ORÇAMENTÁRIA LAJE'!#REF! -> #REF! | F72: ='PLANILHA ORÇAMENTÁRIA LAJE'!#REF! -> #REF! | H72: =G72+F72 -> #REF! | I72: ='PLANILHA ORÇAMENTÁRIA LAJE'!#REF! -> #REF! | K72: ='PLANILHA ORÇAMENTÁRIA LAJE'!#REF! -> #REF! | L72: =K72*G72 -> #REF! | M72: =L72 -> #REF! | P72: =E72-H72 -> #REF! | Q72: =P72*K72 -> #REF!
B73: ='PLANILHA ORÇAMENTÁRIA LAJE'!#REF! -> #REF! | C73: ='PLANILHA ORÇAMENTÁRIA LAJE'!#REF! -> #REF! | D73: ='PLANILHA ORÇAMENTÁRIA LAJE'!#REF! -> #REF! | E73: ='PLANILHA ORÇAMENTÁRIA LAJE'!#REF! -> #REF! | F73: ='PLANILHA ORÇAMENTÁRIA LAJE'!#REF! -> #REF! | H73: =G73+F73 -> #REF! | I73: ='PLANILHA ORÇAMENTÁRIA LAJE'!#REF! -> #REF! | K73: ='PLANILHA ORÇAMENTÁRIA LAJE'!#REF! -> #REF! | L73: =K73*G73 -> #REF! | M73: =L73 -> #REF! | P73: =E73-H73 -> #REF! | Q73: =P73*K73 -> #REF!
D74: ='PLANILHA ORÇAMENTÁRIA LAJE'!#REF! -> #REF! | M74: =SUM(M72:M73) -> #REF!
L75: Importa esta medição em | Q75: =SUM(Q13:Q74) -> #REF!
L76: =M16+M22+M34+M43+M50+M58+M62+M67+M70+M74 -> #REF!
D77: Contratante | E77: Fiscalização | H77: Contratada: | L77: Contratada/ Engº Resp Técnico
D78: Prefeitura Municipal de Barra Longa | E78: Engº. Resp.Técnico | H78: SMP SERVIÇOS EIRELI | L78: GUILHERME LINHARES ALVES
E79: Túlio Bárcia Tolentino CREA/MG 208.289/D | L79: CREA-MG 198650

Sheet CAMPO
B2: PLANILHA ORÇAMENTÁRIA
B4: PREFEITURA MUNICIPAL DE BARRA LONGA
B5: OBRA: CONSTRUÇÃO VESTIÁRIO | G5: DATA: 30/10/2023
B6: LOCAL: PIMENTA - BARRA LONGA/MG | F6: FORMA DE EXECUÇÃO: Contratação à Preço Global
B7: REGIÃO/MÊS DE REFERÊNCIA: Tabela de Preços SETOP-Leste/ABRIL 2022 / SINAPI JUNHO 2022 | F7: ( ) DIRETA | H7: ( x ) INDIRETA
B8: PRAZO DE EXECUÇÃO: 60 dias | H8: BDI | I8: 0.2522
B9: ITEM | C9: CODIGO | D9: DESCRIÇÃO | E9: UNID | F9: QUANT | G9: CUSTO | H9: CUSTO + BDI | I9: TOTAL
B10: A | D10: INSTALAÇÃO DA OBRA
B11: 1.0 | C11: ED-16660 | D11: PLACA DE OBRA ED-16660 FORNECIMENTO E COLOCAÇÃO DE PLACA DE OBRA EM CHAPA GALVANIZADA #26, ESP. 0,45 MM, PLOTADA COM ADESIVO VINÍLICO, AFIXADA COM REBITES 4,8X40 MM, EM ESTRUTURA METÁLICA DE METALON 20X20 MM, ESP. 1,25 MM, INCLUSIVE SUPORTE EM EUCALIPTO AUTOCLAVADO PINTADO COM TINTA PVA DUAS (2) DEMÃOS | E11: M2 | F11: =2.5 -> 2.5 | G11: 317.71 | H11: =G11+G11*$I$8 -> 397.83646 | I11: =H11*F11 -> 994.59115
B12: 1.0 | C12: ED-50128 | D12: BARRACÃO DE OBRA PARA DEPÓSITO E FERRAMENTARIA TIPO-I, ÁREA INTERNA 14,52M2, EM CHAPA DE COMPENSADO RESINADO, INCLUSIVE MOBILIÁRIO (OBRA DE PEQUENO PORTE, EFETIVO ATÉ 30 HOMENS), PADRÃO DER-MG | E12: UN | F12: 1 | G12: 7323.59 | H12: =G12+G12*$I$8 -> 9170.5994 | I12: =H12*F12 -> 9170.5994 | J12: =4*3.5 -> 14
B13: 1.0 | C13: ED-49211 | D13: CAIXA PARA MEDIÇÃO, TIPO CM-18, DIMENSÕES CONFORME PADRÃO CEMIG, INCLUSIVE DISJUNTOR, INCLUSIVE BARRAMENTO PARA DISJUNTOR DE 1000A ATÉ 1250A E INSTALAÇÃO (OBS. SÓ SERÁ MEDIDO APÓS LIGAÇÃO, E ESTIVER FUNCIONANDO. TRAMITES NA CEMIG PARA LIGAÇÃO POR CONTA DA CONTRATADA) | E13: UN | F13: 1 | G13: 6539.24 | H13: =G13+G13*$I$8 -> 8188.4363 | I13: =H13*F13 -> 8188.4363
D14: TOTAL ITEM A | I14: =SUM(I11:I13) -> 18353.627
B15: B | D15: FUNDAÇÃO
B16: 1.0 | C16: ED-51107 | D16: ESCAVAÇÃO MANUAL DE VALA COM PROFUNDIDADE MENOR OU IGUAL A 1,5M, INCLUSIVE DESCARGA LATERAL | E16: M3 | F16: =#REF! -> #REF! | G16: 60.61 | H16: =G16+G16*$I$8 -> 75.895842 | I16: =H16*F16 -> #REF!
B17: 2.0 | C17: ED-51122 | D17: REGULARIZAÇÃO E COMPACTAÇÃO DE TERRENO MANUAL COM SOQUETE, EXCLUSIVE DESMATAMENTO, DESTOCAMENTO, LIMPEZA/ROÇADA DO TERRENO | E17: M2 | F17: =#REF! -> #REF! | G17: 8.72 | H17: =G17+G17*$I$8 -> 10.919184 | I17: =H17*F17 -> #REF!
B18: 3.0 | C18: ED-48295 | D18: CORTE, DOBRA E MONTAGEM DE AÇO CA-50, DIÂMETRO (6,3MM A 12,5MM), INCLUSIVE ESPAÇADOR | E18: KG | F18: =#REF! -> #REF! | G18: 13.07 | H18: =G18+G18*$I$8 -> 16.366254 | I18: =H18*F18 -> #REF!
B19: 4.0 | C19: ED-49786 | D19: FORNECIMENTO DE CONCRETO ESTRUTURAL, PREPARADO EM OBRA COM BETONEIRA, COM FCK 20MPA, INCLUSIVE LANÇAMENTO, ADENSAMENTO E ACABAMENTO (FUNDAÇÃO) | E19: M3 | F19: =#REF! -> #REF! | G19: 670.65 | H19: =G19+G19*$I$8 -> 839.78793 | I19: =H19*F19 -> #REF!
B20: 5.0 | C20: ED-51132 | D20: CARGA MECÂNICA DE MATERIAL DE QUALQUER NATUREZA SOBRE CAMINHÃO, EXCLUSIVE TRANSPORTE | E20: M3 | F20: =F16 -> #REF! | G20: 3.01 | H20: =G20+G20*$I$8 -> 3.769122 | I20: =H20*F20 -> #REF!
B21: 6.0 | C21: ED-29229 | D21: TRANSPORTE DE MATERIAL DE QUALQUER NATUREZA EM CAMINHÃO, DISTÂNCIA MENOR OU IGUAL A 1KM, DENTRO DO PERÍMETRO URBANO, EXCLUSIVE CARGA, INCLUSIVE DESCARGA | E21: M3 | F21: =F16 -> #REF! | G21: 6.36 | H21: =G21+G21*$I$8 -> 7.963992 | I21: =H21*F21 -> #REF!
D22: TOTAL ITEM B | I22: =SUM(I16:I17) -> #REF!
B23: C | D23: ESTRUTURA
B24: 1.0 | C24: 92479 | D24: MONTAGEM E DESMONTAGEM DE FÔRMA DE VIGA/PILAR, ESCORAMENTO COM GARFO DE MADEIRA, PÉ-DIREITO SIMPLES, EM CHAPA DE MADEIRA RESINADA, 18 UTILIZAÇÕES. | E24: M2 | F24: =#REF! -> #REF! | G24: 66.59 | H24: =G24+G24*$I$8 -> 83.383998 | I24: =H24*F24 -> #REF!
B25: 2.0 | C25: ED-48295 | D25: CORTE, DOBRA E MONTAGEM DE AÇO CA-50, DIÂMETRO (6,3MM A 12,5MM), INCLUSIVE ESPAÇADOR | E25: KG | F25: =#REF! -> #REF! | G25: 13.07 | H25: =G25+G25*$I$8 -> 16.366254 | I25: =H25*F25 -> #REF!
B26: 3.0 | C26: ED-49786 | D26: FORNECIMENTO DE CONCRETO ESTRUTURAL, PREPARADO EM OBRA COM BETONEIRA, COM FCK 20MPA, INCLUSIVE LANÇAMENTO, ADENSAMENTO E ACABAMENTO (FUNDAÇÃO) | E26: M3 | F26: =#REF!+#REF! -> #REF! | G26: 670.65 | H26: =G26+G26*$I$8 -> 839.78793 | I26: =H26*F26 -> #REF!
B27: 4.0 | C27: 92530 | D27: MONTAGEM E DESMONTAGEM DE FÔRMA DE LAJE MACIÇA, PÉ-DIREITO SIMPLES, EM CHAPA DE MADEIRA COMPENSADA PLASTIFICADA, 12 UTILIZAÇÕES. | E27: M2 | F27: =#REF! -> #REF! | G27: 41.42 | H27: =G27+G27*$I$8 -> 51.866124 | I27: =H27*F27 -> #REF!
B28: 5.0 | C28: 101792 | D28: ESCORAMENTO DE FÔRMAS DE LAJE EM MADEIRA NÃO APARELHADA, PÉ-DIREITO SIMPLES, INCLUSO TRAVAMENTO, 4 UTILIZAÇÕES. AF_09/2020 | E28: M3 | F28: =F26*3 -> #REF! | G28: 17.74 | H28: =G28+G28*$I$8 -> 22.214028 | I28: =H28*F28 -> #REF!
B29: 6.0 | C29: ED-48232 | D29: ALVENARIA DE VEDAÇÃO COM TIJOLO CERÂMICO FURADO, ESP. 14CM, PARA REVESTIMENTO, INCLUSIVE ARGAMASSA PARA ASSENTAMENTO. | E29: M2 | F29: =#REF! -> #REF! | G29: 65.56 | H29: =G29+G29*$I$8 -> 82.094232 | I29: =H29*F29 -> #REF!
D30: TOTAL ITEM C | I30: =SUM(I24:I29) -> #REF!
B31: D | D31: INSTALAÇÕES HIDRÁULICAS
D32: ESGOTO
B33: 1.0 | C33: ED-50224 | D33: PONTO DE EMBUTIR PARA ESGOTO EM TUBO PVC RÍGIDO, PBV - SÉRIE NORMAL, DN 50MM (2"), EMBUTIDO EM PISO COM DISTÂNCIA DE ATÉ CINCO (5) METROS DA RAMAL DE ESGOTO, EXCLUSIVE ESCAVAÇÃO, INCLUSIVE CONEXÕES E FIXAÇÃO DO TUBO COM ENCHIMENTO DO RASGO NO CONCRETO COM ARGAMASSA | E33: UNID | F33: 7 | G33: 200.7 | H33: =G33+G33*$I$8 -> 251.31654 | I33: =H33*F33 -> 1759.2158
B34: 2.0 | C34: ED-50225 | D34: PONTO DE EMBUTIR PARA ESGOTO EM TUBO PVC RÍGIDO, PBV - SÉRIE NORMAL, DN 100MM (4"), EMBUTIDO EM PISO COM DISTÂNCIA DE ATÉ CINCO (5) METROS DA RAMAL DE ESGOTO, INCLUSIVE CONEXÕES E FIXAÇÃO DO TUBO COM ENCHIMENTO DO RASGO NO CONCRETO COM ARGAMASSA. | E34: UNID | F34: 7 | G34: 283.95 | H34: =G34+G34*$I$8 -> 355.56219 | I34: =H34*F34 -> 2488.9353
B35: 3.0 | C35: ED-50298 | D35: BACIA SANITÁRIA (VASO) DE LOUÇA CONVENCIONAL, COR BRANCA, INCLUSIVE ACESSÓRIOS DE FIXAÇÃO/VEDAÇÃO, VÁLVULA DE DESCARGA METÁLICA COM ACIONAMENTO DUPLO, TUBO DE LIGAÇÃO DE LATÃO COM CANOPLA, FORNECIMENTO, INSTALAÇÃO E REJUNTAMENTO. | E35: UNID | F35: 7 | G35: 726.1 | H35: =G35+G35*$I$8 -> 909.22242 | I35: =H35*F35 -> 6364.5569
B36: 4.0 | C36: ED-50011 | D36: CAIXA SIFONADA EM PVC COM GRELHA REDONDA 100 X 100 X 50MM | E36: UNID | F36: 7 | G36: 54.8 | H36: =G36+G36*$I$8 -> 68.62056 | I36: =H36*F36 -> 480.34392
D37: ÁGUA FRIA
B38: 5.0 | C38: ED-50221 | D38: PONTO DE EMBUTIR PARA ÁGUA FRIA EM TUBO DE PVC RÍGIDO SOLDÁVEL, DN 20MM (1/2"), EMBUTIDO NA ALVENARIA COM DISTÂNCIA DE ATÉ CINCO (5) METROS DA TOMADA DE ÁGUA, INCLUSIVE CONEXÕES E FIXAÇÃO DO TUBO COM ENCHIMENTO DO RASGO NA ALVENARIA/CONCRETO COM ARGAMASSA. | E38: UNID | F38: 9 | G38: 124.3 | H38: =G38+G38*$I$8 -> 155.64846 | I38: =H38*F38 -> 1400.8361
B39: 6.0 | C39: ED-50281 | D39: LAVATÓRIO DE LOUÇA BRANCA SEM COLUNA, TAMANHO PEQUENO, INCLUSIVE ACESSÓRIOS DE FIXAÇÃO, VÁLVULA DE ESCOAMENTO DE METAL COM ACABAMENTO CROMADO, SIFÃO DE METAL TIPO COPO COM ACABAMENTO CROMADO, FORNECIMENTO, INSTALAÇÃO E REJUNTAMENTO, EXCLUSIVE TORNEIRA E ENGATE FLEXÍVEL. | E39: UNID | F39: 9 | G39: 364.8 | H39: =G39+G39*$I$8 -> 456.80256 | I39: =H39*F39 -> 4111.223
B40: 7.0 | C40: ED-50330 | D40: TORNEIRA METÁLICA PARA LAVATÓRIO, ABERTURA 1/4 DE VOLTA, ACABAMENTO CROMADO, COM AREJADOR, APLICAÇÃO DE MESA, INCLUSIVE ENGATE FLEXÍVEL METÁLICO, FORNECIMENTO E INSTALAÇÃO. | E40: UNID | F40: 9 | G40: 129.33 | H40: =G40+G40*$I$8 -> 161.94703 | I40: =H40*F40 -> 1457.5232
B41: 8.0 | C41: ED-50310 | D41: BRAÇO PARA CHUVEIRO, COMPRIMENTO 40 CM, DIÂMETRO NOMINAL DE 1/2" (20MM), INCLUSIVE ACABAMENTO. | E41: UNID | F41: 7 | G41: 20.25 | H41: =G41+G41*$I$8 -> 25.35705 | I41: =H41*F41 -> 177.49935
B42: 9.0 | C42: ED-16344 | D42: CHUVEIRO ELÉTRICO BRANCO, TENSÃO 127V/220V, POTÊNCIA 4600W/5500W, INCLUSIVE BRAÇO, FORNECIMENTO E INSTALAÇÃO. | E42: UNID | F42: 7 | G42: 107.25 | H42: =G42+G42*$I$8 -> 134.29845 | I42: =H42*F42 -> 940.08915
B43: 10.0 | C43: ED-49936 | D43: CAIXA D´ÁGUA DE POLIETILENO, CAPACIDADE DE 1.000L, INCLUSIVE TAMPA, TORNEIRA DE BOIA, EXTRAVASOR, TUBO DE LIMPEZA E ACESSÓRIOS, EXCLUSIVE TUBULAÇÃO DE ENTRADA/ SAÍDA DE ÁGUA. | E43: UNID | F43: 1 | G43: 859.18 | H43: =G43+G43*$I$8 -> 1075.8652 | I43: =H43*F43 -> 1075.8652
D44: TOTAL ITEM D | I44: =SUM(I33:I43) -> 20256.088
B45: E | D45: INSTALAÇÕES ELÉTRICAS
B46: 1.0 | C46: ED-50228 | D46: PONTO DE EMBUTIR PARA UMA (1) LUMINÁRIA,COM ELETRODUTO DE PVC RÍGIDO ROSCÁVEL, DN 20MM (3/4"), EMBUTIDO NA LAJE E CABO DE COBRE FLEXÍVEL, CLASSE 5, ISOLAMENTO TIPO LSHF/ ATOX, NÃO HALOGENADO, SEÇÃO 1,5MM2 (70°C-450/750V), COM DISTÂNCIA DE ATÉ CINCO (5) METROS DO PONTO DE DERIVAÇÃO, EXCLUSIVE LUMINÁRIA, INCLUSIVE CAIXA DE LIGAÇÃO OCTOGONAL, SUPORTE E FIXAÇÃO DO ELETRODUTO. | E46: UNID | F46: 12 | G46: 143.25 | H46: =G46+G46*$I$8 -> 179.37765 | I46: =H46*F46 -> 2152.5318
B47: 2.0 | C47: 97589 | D47: LUMINÁRIA TIPO PLAFON EM PLÁSTICO, DE SOBREPOR, COM 1 LÂMPADA FLUORESCENTE DE 15 W, SEM REATOR - FORNECIMENTO E INSTALAÇÃO. AF_02/2020 | E47: UNID | F47: 15 | G47: 36.5 | H47: =G47+G47*$I$8 -> 45.7053 | I47: =H47*F47 -> 685.5795
B48: 3.0 | C48: 97608 | D48: LUMINÁRIA ARANDELA TIPO TARTARUGA, COM GRADE, DE SOBREPOR, COM 1 LÂMPADA FLUORESCENTE DE 15 W, SEM REATOR - FORNECIMENTO E INSTALAÇÃO. AF_02/2020 | E48: UNID | F48: 3 | G48: 115.19 | H48: =G48+G48*$I$8 -> 144.24092 | I48: =H48*F48 -> 432.72275
B49: 4.0 | C49: 104475 | D49: COMPOSIÇÃO PARAMÉTRICA DE PONTO ELÉTRICO DE TOMADA DE USO GERAL 2P+T (10A/250V) EM EDIFÍCIO RESIDENCIAL COM ELETRODUTO EMBUTIDO EM RASGOS NAS PAREDES, INCLUSO TOMADA, ELETRODUTO, CABO, RASGO, QUEBRA E CHUMBAMENTO. AF_11/2022 | E49: UNID | F49: 8 | G49: 124.93 | H49: =G49+G49*$I$8 -> 156.43735 | I49: =H49*F49 -> 1251.4988
D50: TOTAL ITEM E | I50: =SUM(I46:I49) -> 4522.3328
B51: F | D51: CONTRAPISO E REVESTIMENTOS
B52: 1.0 | C52: ED-50566 | D52: CONTRAPISO DESEMPENADO COM ARGAMASSA, TRAÇO 1:3 (CIMENTO E AREIA), ESP. 20MM | E52: M² | F52: =#REF! -> #REF! | G52: 33.13 | H52: =G52+G52*$I$8 -> 41.485386 | I52: =H52*F52 -> #REF!
B53: 2.0 | C53: ED-51144 | D53: PASSEIOS DE CONCRETO E = 6 CM, FCK = 10 MPA, JUNTA SECA | E53: M² | F53: =#REF! -> #REF! | G53: 57.2 | H53: =G53+G53*$I$8 -> 71.62584 | I53: =H53*F53 -> #REF!
B54: 3.0 | C54: 87893 | D54: CHAPISCO APLICADO EM ALVENARIA (SEM PRESENÇA DE VÃOS) E ESTRUTURAS DE CONCRETO DE FACHADA, COM COLHER DE PEDREIRO. ARGAMASSA TRAÇO 1:3 COM PREPARO MANUAL. AF_06/2014 | E54: M² | F54: =#REF!+#REF!+#REF! -> #REF! | G54: 6.49 | H54: =G54+G54*$I$8 -> 8.126778 | I54: =H54*F54 -> #REF!
B55: 4.0 | C55: 87792 | D55: EMBOÇO OU MASSA ÚNICA EM ARGAMASSA TRAÇO 1:2:8, PREPARO MECÂNICO COM BETONEIRA 400 L, APLICADA MANUALMENTE EM PANOS CEGOS DE FACHADA (SEM PRESENÇA DE VÃOS), ESPESSURA DE 25 MM. AF_08/2022 | E55: M² | F55: =F54 -> #REF! | G55: 36.73 | H55: =G55+G55*$I$8 -> 45.993306 | I55: =H55*F55 -> #REF!
B56: 4.0 | C56: ED-9081 | D56: REVESTIMENTO COM CERÂMICA APLICADO EM PAREDE, ACABAMENTO ESMALTADO, AMBIENTE INTERNO/EXTERNO, PADRÃO EXTRA, DIMENSÃO DA PEÇA ATÉ 2025 CM2, PEI III, ASSENTAMENTO COM ARGAMASSA INDUSTRIALIZADA, INCLUSIVE REJUNTAMENTO. | E56: M² | F56: =#REF! -> #REF! | G56: 70.33 | H56: =G56+G56*$I$8 -> 88.067226 | I56: =H56*F56 -> #REF!
D57: TOTAL ITEM F | I57: =SUM(I52:I56) -> #REF!
B58: G | D58: PINTURA
B59: 1.0 | C59: ED-50451 | D59: PINTURA ACRÍLICA EM PAREDE, DUAS (2) DEMÃOS, INCLUSIVE SELADOR ACRÍLICO. | E59: M² | F59: =#REF!+#REF! -> #REF! | G59: 18.49 | H59: =G59+G59*$I$8 -> 23.153178 | I59: =H59*F59 -> #REF!
B60: 2.0 | C60: ED-50491 | D60: PINTURA ESMALTE EM ESQUADRIAS DE FERRO, DUAS (2) DEMÃOS, INCLUSIVE UMA (1) DEMÃO DE FUNDO ANTICORROSIVO. | E60: M² | F60: =F63+(0.8*2.1*8*2)+(0.9*2.1*2*2) -> 46.44 | G60: 32.53 | H60: =G60+G60*$I$8 -> 40.734066 | I60: =H60*F60 -> 1891.69
D61: TOTAL ITEM G | I61: =SUM(I59:I59) -> #REF!
B62: H | D62: ESQUADRIAS
B63: 1.0 | C63: ED-50956 | D63: FORNECIMENTO E ASSENTAMENTO DE JANELA EM FERRO, TIPO MAXIM-AR, INCLUSIVE FERRAGENS E ACESSÓRIOS | E63: M² | F63: =(1*0.5*8)+(0.8*2)+(4*0.8*2) -> 12 | G63: 380.27 | H63: =G63+G63*$I$8 -> 476.17409 | I63: =H63*F63 -> 5714.0891
B64: 2.0 | C64: ED-50973 | D64: PORTA COMPLETA, ESTRUTURA E MARCO EM CHAPA DOBRADA - 80 X 210 CM | E64: UN | F64: 8 | G64: 562.11 | H64: =G64+G64*$I$8 -> 703.87414 | I64: =H64*F64 -> 5630.9931
B65: 3.0 | C65: ED-50975 | D65: PORTA COMPLETA, ESTRUTURA E MARCO EM CHAPA DOBRADA - 90 X 210 CM | E65: M² | F65: 2 | G65: 586.48 | H65: =G65+G65*$I$8 -> 734.39026 | I65: =H65*F65 -> 1468.7805
B66: 4.0 | C66: ED-51153 | D66: VIDRO IMPRESSO (FANTASIA) TRANSLÚCIDO INCOLOR, ESP. 3MM, INCLUSIVE FIXAÇÃO E VEDAÇÃO COM GUARNIÇÃO/GAXETA DE BORRACHA NEOPRENE, FORNECIMENTO E INSTALAÇÃO, EXCLUSIVE CAIXILHO/PERFIL | E66: M² | F66: =F63 -> 12 | G66: 150.06 | H66: =G66+G66*$I$8 -> 187.90513 | I66: =H66*F66 -> 2254.8616
D67: TOTAL ITEM H | I67: =SUM(I63:I66) -> 15068.724
B68: H | D68: LIMPEZA FINAL
B69: 1.0 | C69: ED-50266 | D69: LIMPEZA FINAL PARA ENTREGA DA OBRA | E69: M² | F69: =12*7 -> 84 | G69: 5.86 | H69: =G69+G69*$I$8 -> 7.337892 | I69: =H69*F69 -> 616.38293
D70: TOTAL ITEM H | I70: =SUM(I69:I69) -> 616.38293
B71: TOTAL | I71: =I70+I61+I57+I50+I30+I22+I14+I44+I67 -> #REF!
D74: __________________________

Sheet PLANILHA ORÇAMENTÁRIA CAMPO (2)
B2: PLANILHA ORÇAMENTÁRIA
B4: PREFEITURA MUNICIPAL DE BARRA LONGA
B5: OBRA: CONSTRUÇÃO CAMPO E VESTIÁRIO | G5: DATA: 30/10/2023
B6: LOCAL: BARRA LONGA - BARRA LONGA/MG | F6: FORMA DE EXECUÇÃO: Contratação à Preço Global
B7: REGIÃO/MÊS DE REFERÊNCIA: Tabela de Preços SETOP-Leste/ABRIL 2022 / SINAPI JUNHO 2022 | F7: ( ) DIRETA | H7: ( x ) INDIRETA
B8: PRAZO DE EXECUÇÃO: 60 dias | H8: BDI | I8: 0.2522
B9: ITEM | C9: CODIGO | D9: DESCRIÇÃO | E9: UNID | F9: QUANT | G9: CUSTO | H9: CUSTO + BDI | I9: TOTAL
B10: A | D10: INSTALAÇÃO DA OBRA
B11: 1.0 | C11: ED-16660 | D11: PLACA DE OBRA ED-16660 FORNECIMENTO E COLOCAÇÃO DE PLACA DE OBRA EM CHAPA GALVANIZADA #26, ESP. 0,45 MM, PLOTADA COM ADESIVO VINÍLICO, AFIXADA COM REBITES 4,8X40 MM, EM ESTRUTURA METÁLICA DE METALON 20X20 MM, ESP. 1,25 MM, INCLUSIVE SUPORTE EM EUCALIPTO AUTOCLAVADO PINTADO COM TINTA PVA DUAS (2) DEMÃOS | E11: M2 | F11: =2.5 -> 2.5 | G11: 317.71 | H11: =G11+G11*$I$8 -> 397.83646 | I11: =H11*F11 -> 994.59115
D12: TOTAL ITEM A | I12: =SUM(I11:I11) -> 994.59115
B13: B | D13: FUNDAÇÃO
B14: 1.0 | C14: ED-51107 | D14: ESCAVAÇÃO MANUAL DE VALA COM PROFUNDIDADE MENOR OU IGUAL A 1,5M, INCLUSIVE DESCARGA LATERAL | E14: M3 | F14: =#REF! -> #REF! | G14: 60.61 | H14: =G14+G14*$I$8 -> 75.895842 | I14: =H14*F14 -> #REF!
B15: 2.0 | C15: ED-51122 | D15: REGULARIZAÇÃO E COMPACTAÇÃO DE TERRENO MANUAL COM SOQUETE, EXCLUSIVE DESMATAMENTO, DESTOCAMENTO, LIMPEZA/ROÇADA DO TERRENO | E15: M2 | F15: =#REF! -> #REF! | G15: 8.72 | H15: =G15+G15*$I$8 -> 10.919184 | I15: =H15*F15 -> #REF!
B16: 3.0 | C16: ED-48295 | D16: CORTE, DOBRA E MONTAGEM DE AÇO CA-50, DIÂMETRO (6,3MM A 12,5MM), INCLUSIVE ESPAÇADOR | E16: KG | F16: =#REF! -> #REF! | G16: 13.07 | H16: =G16+G16*$I$8 -> 16.366254 | I16: =H16*F16 -> #REF!
B17: 4.0 | C17: ED-49786 | D17: FORNECIMENTO DE CONCRETO ESTRUTURAL, PREPARADO EM OBRA COM BETONEIRA, COM FCK 20MPA, INCLUSIVE LANÇAMENTO, ADENSAMENTO E ACABAMENTO (FUNDAÇÃO) | E17: M3 | F17: =#REF! -> #REF! | G17: 670.65 | H17: =G17+G17*$I$8 -> 839.78793 | I17: =H17*F17 -> #REF!
B18: 5.0 | C18: ED-51132 | D18: CARGA MECÂNICA DE MATERIAL DE QUALQUER NATUREZA SOBRE CAMINHÃO, EXCLUSIVE TRANSPORTE | E18: M3 | G18: 3.01 | H18: =G18+G18*$I$8 -> 3.769122 | I18: =H18*F18 -> 0
B19: 6.0 | C19: ED-29229 | D19: TRANSPORTE DE MATERIAL DE QUALQUER NATUREZA EM CAMINHÃO, DISTÂNCIA MENOR OU IGUAL A 1KM, DENTRO DO PERÍMETRO URBANO, EXCLUSIVE CARGA, INCLUSIVE DESCARGA | E19: M3 | G19: 6.36 | H19: =G19+G19*$I$8 -> 7.963992 | I19: =H19*F19 -> 0
D20: TOTAL ITEM B | I20: =SUM(I14:I19) -> #REF!
B21: C | D21: ESTRUTURA
B22: 1.0 | C22: 92479 | D22: MONTAGEM E DESMONTAGEM DE FÔRMA DE VIGA/PILAR, ESCORAMENTO COM GARFO DE MADEIRA, PÉ-DIREITO SIMPLES, EM CHAPA DE MADEIRA RESINADA, 18 UTILIZAÇÕES. | E22: M2 | F22: =#REF! -> #REF! | G22: 66.59 | H22: =G22+G22*$I$8 -> 83.383998 | I22: =H22*F22 -> #REF!
B23: 2.0 | C23: ED-48295 | D23: CORTE, DOBRA E MONTAGEM DE AÇO CA-50, DIÂMETRO (6,3MM A 12,5MM), INCLUSIVE ESPAÇADOR | E23: KG | F23: =#REF! -> #REF! | G23: 13.07 | H23: =G23+G23*$I$8 -> 16.366254 | I23: =H23*F23 -> #REF!
B24: 3.0 | C24: ED-49786 | D24: FORNECIMENTO DE CONCRETO ESTRUTURAL, PREPARADO EM OBRA COM BETONEIRA, COM FCK 20MPA, INCLUSIVE LANÇAMENTO, ADENSAMENTO E ACABAMENTO (FUNDAÇÃO) | E24: M3 | F24: =#REF! -> #REF! | G24: 670.65 | H24: =G24+G24*$I$8 -> 839.78793 | I24: =H24*F24 -> #REF!
B25: 4.0 | C25: 92530 | D25: MONTAGEM E DESMONTAGEM DE FÔRMA DE LAJE MACIÇA, PÉ-DIREITO SIMPLES, EM CHAPA DE MADEIRA COMPENSADA PLASTIFICADA, 12 UTILIZAÇÕES. | E25: M2 | F25: =#REF! -> #REF! | G25: 41.42 | H25: =G25+G25*$I$8 -> 51.866124 | I25: =H25*F25 -> #REF!
B26: 5.0 | C26: 101792 | D26: ESCORAMENTO DE FÔRMAS DE LAJE EM MADEIRA NÃO APARELHADA, PÉ-DIREITO SIMPLES, INCLUSO TRAVAMENTO, 4 UTILIZAÇÕES. AF_09/2020 | E26: M3 | F26: =F25*3 -> #REF! | G26: 17.74 | H26: =G26+G26*$I$8 -> 22.214028 | I26: =H26*F26 -> #REF!
B27: 6.0 | C27: ED-48232 | D27: ALVENARIA DE VEDAÇÃO COM TIJOLO CERÂMICO FURADO, ESP. 14CM, PARA REVESTIMENTO, INCLUSIVE ARGAMASSA PARA ASSENTAMENTO. | E27: M2 | F27: =#REF! -> #REF! | G27: 65.56 | H27: =G27+G27*$I$8 -> 82.094232 | I27: =H27*F27 -> #REF!
D28: TOTAL ITEM C | I28: =SUM(I22:I27) -> #REF!
B29: D | D29: INSTALAÇÕES HIDRÁULICAS
D30: ESGOTO
B31: 1.0 | C31: ED-50224 | D31: PONTO DE EMBUTIR PARA ESGOTO EM TUBO PVC RÍGIDO, PBV - SÉRIE NORMAL, DN 50MM (2"), EMBUTIDO EM PISO COM DISTÂNCIA DE ATÉ CINCO (5) METROS DA RAMAL DE ESGOTO, EXCLUSIVE ESCAVAÇÃO, INCLUSIVE CONEXÕES E FIXAÇÃO DO TUBO COM ENCHIMENTO DO RASGO NO CONCRETO COM ARGAMASSA | E31: UNID | F31: 12 | G31: 200.7 | H31: =G31+G31*$I$8 -> 251.31654 | I31: =H31*F31 -> 3015.7985
B32: 2.0 | C32: ED-50225 | D32: PONTO DE EMBUTIR PARA ESGOTO EM TUBO PVC RÍGIDO, PBV - SÉRIE NORMAL, DN 100MM (4"), EMBUTIDO EM PISO COM DISTÂNCIA DE ATÉ CINCO (5) METROS DA RAMAL DE ESGOTO, INCLUSIVE CONEXÕES E FIXAÇÃO DO TUBO COM ENCHIMENTO DO RASGO NO CONCRETO COM ARGAMASSA. | E32: UNID | F32: 5 | G32: 283.95 | H32: =G32+G32*$I$8 -> 355.56219 | I32: =H32*F32 -> 1777.811
B33: 3.0 | C33: ED-50298 | D33: BACIA SANITÁRIA (VASO) DE LOUÇA CONVENCIONAL, COR BRANCA, INCLUSIVE ACESSÓRIOS DE FIXAÇÃO/VEDAÇÃO, VÁLVULA DE DESCARGA METÁLICA COM ACIONAMENTO DUPLO, TUBO DE LIGAÇÃO DE LATÃO COM CANOPLA, FORNECIMENTO, INSTALAÇÃO E REJUNTAMENTO. | E33: UNID | F33: 5 | G33: 726.1 | H33: =G33+G33*$I$8 -> 909.22242 | I33: =H33*F33 -> 4546.1121
B34: 4.0 | C34: ED-50011 | D34: CAIXA SIFONADA EM PVC COM GRELHA REDONDA 100 X 100 X 50MM | E34: UNID | F34: 9 | G34: 54.8 | H34: =G34+G34*$I$8 -> 68.62056 | I34: =H34*F34 -> 617.58504
D35: ÁGUA FRIA
B36: 5.0 | C36: ED-50221 | D36: PONTO DE EMBUTIR PARA ÁGUA FRIA EM TUBO DE PVC RÍGIDO SOLDÁVEL, DN 20MM (1/2"), EMBUTIDO NA ALVENARIA COM DISTÂNCIA DE ATÉ CINCO (5) METROS DA TOMADA DE ÁGUA, INCLUSIVE CONEXÕES E FIXAÇÃO DO TUBO COM ENCHIMENTO DO RASGO NA ALVENARIA/CONCRETO COM ARGAMASSA. | E36: UNID | F36: 17 | G36: 124.3 | H36: =G36+G36*$I$8 -> 155.64846 | I36: =H36*F36 -> 2646.0238
B37: 6.0 | C37: ED-50281 | D37: LAVATÓRIO DE LOUÇA BRANCA SEM COLUNA, TAMANHO PEQUENO, INCLUSIVE ACESSÓRIOS DE FIXAÇÃO, VÁLVULA DE ESCOAMENTO DE METAL COM ACABAMENTO CROMADO, SIFÃO DE METAL TIPO COPO COM ACABAMENTO CROMADO, FORNECIMENTO, INSTALAÇÃO E REJUNTAMENTO, EXCLUSIVE TORNEIRA E ENGATE FLEXÍVEL. | E37: UNID | F37: 5 | G37: 364.8 | H37: =G37+G37*$I$8 -> 456.80256 | I37: =H37*F37 -> 2284.0128
B38: 7.0 | C38: ED-50330 | D38: TORNEIRA METÁLICA PARA LAVATÓRIO, ABERTURA 1/4 DE VOLTA, ACABAMENTO CROMADO, COM AREJADOR, APLICAÇÃO DE MESA, INCLUSIVE ENGATE FLEXÍVEL METÁLICO, FORNECIMENTO E INSTALAÇÃO. | E38: UNID | F38: 5 | G38: 129.33 | H38: =G38+G38*$I$8 -> 161.94703 | I38: =H38*F38 -> 809.73513
B39: 8.0 | C39: ED-50310 | D39: BRAÇO PARA CHUVEIRO, COMPRIMENTO 40 CM, DIÂMETRO NOMINAL DE 1/2" (20MM), INCLUSIVE ACABAMENTO. | E39: UNID | F39: 7 | G39: 20.25 | H39: =G39+G39*$I$8 -> 25.35705 | I39: =H39*F39 -> 177.49935
B40: 9.0 | C40: ED-16344 | D40: CHUVEIRO ELÉTRICO BRANCO, TENSÃO 127V/220V, POTÊNCIA 4600W/5500W, INCLUSIVE BRAÇO, FORNECIMENTO E INSTALAÇÃO. | E40: UNID | F40: 7 | G40: 107.25 | H40: =G40+G40*$I$8 -> 134.29845 | I40: =H40*F40 -> 940.08915
B41: 10.0 | C41: ED-49936 | D41: CAIXA D´ÁGUA DE POLIETILENO, CAPACIDADE DE 1.000L, INCLUSIVE TAMPA, TORNEIRA DE BOIA, EXTRAVASOR, TUBO DE LIMPEZA E ACESSÓRIOS, EXCLUSIVE TUBULAÇÃO DE ENTRADA/ SAÍDA DE ÁGUA. | E41: UNID | F41: 1 | G41: 859.18 | H41: =G41+G41*$I$8 -> 1075.8652 | I41: =H41*F41 -> 1075.8652
D42: TOTAL ITEM D | I42: =SUM(I31:I41) -> 17890.532
B43: E | D43: INSTALAÇÕES ELÉTRICAS
B44: 1.0 | C44: ED-50228 | D44: PONTO DE EMBUTIR PARA UMA (1) LUMINÁRIA,COM ELETRODUTO DE PVC RÍGIDO ROSCÁVEL, DN 20MM (3/4"), EMBUTIDO NA LAJE E CABO DE COBRE FLEXÍVEL, CLASSE 5, ISOLAMENTO TIPO LSHF/ ATOX, NÃO HALOGENADO, SEÇÃO 1,5MM2 (70°C-450/750V), COM DISTÂNCIA DE ATÉ CINCO (5) METROS DO PONTO DE DERIVAÇÃO, EXCLUSIVE LUMINÁRIA, INCLUSIVE CAIXA DE LIGAÇÃO OCTOGONAL, SUPORTE E FIXAÇÃO DO ELETRODUTO. | E44: UNID | F44: =F45+F46 -> 9 | G44: 143.25 | H44: =G44+G44*$I$8 -> 179.37765 | I44: =H44*F44 -> 1614.3988
B45: 2.0 | C45: 97589 | D45: LUMINÁRIA TIPO PLAFON EM PLÁSTICO, DE SOBREPOR, COM 1 LÂMPADA FLUORESCENTE DE 15 W, SEM REATOR - FORNECIMENTO E INSTALAÇÃO. AF_02/2020 | E45: UNID | F45: 5 | G45: 36.5 | H45: =G45+G45*$I$8 -> 45.7053 | I45: =H45*F45 -> 228.5265
B46: 3.0 | C46: 97608 | D46: LUMINÁRIA ARANDELA TIPO TARTARUGA, COM GRADE, DE SOBREPOR, COM 1 LÂMPADA FLUORESCENTE DE 15 W, SEM REATOR - FORNECIMENTO E INSTALAÇÃO. AF_02/2020 | E46: UNID | F46: 4 | G46: 115.19 | H46: =G46+G46*$I$8 -> 144.24092 | I46: =H46*F46 -> 576.96367
B47: 4.0 | C47: 104475 | D47: COMPOSIÇÃO PARAMÉTRICA DE PONTO ELÉTRICO DE TOMADA DE USO GERAL 2P+T (10A/250V) EM EDIFÍCIO RESIDENCIAL COM ELETRODUTO EMBUTIDO EM RASGOS NAS PAREDES, INCLUSO TOMADA, ELETRODUTO, CABO, RASGO, QUEBRA E CHUMBAMENTO. AF_11/2022 | E47: UNID | F47: 5 | G47: 124.93 | H47: =G47+G47*$I$8 -> 156.43735 | I47: =H47*F47 -> 782.18673
D48: TOTAL ITEM E | I48: =SUM(I44:I47) -> 3202.0758
B49: F | D49: CONTRAPISO E REVESTIMENTOS
B50: 1.0 | C50: ED-50566 | D50: CONTRAPISO DESEMPENADO COM ARGAMASSA, TRAÇO 1:3 (CIMENTO E AREIA), ESP. 20MM | E50: M² | F50: =#REF! -> #REF! | G50: 33.13 | H50: =G50+G50*$I$8 -> 41.485386 | I50: =H50*F50 -> #REF!
B51: 2.0 | C51: ED-51144 | D51: PASSEIOS DE CONCRETO E = 6 CM, FCK = 10 MPA, JUNTA SECA | E51: M² | F51: =#REF! -> #REF! | G51: 57.2 | H51: =G51+G51*$I$8 -> 71.62584 | I51: =H51*F51 -> #REF!
B52: 3.0 | C52: 87893 | D52: CHAPISCO APLICADO EM ALVENARIA (SEM PRESENÇA DE VÃOS) E ESTRUTURAS DE CONCRETO DE FACHADA, COM COLHER DE PEDREIRO. ARGAMASSA TRAÇO 1:3 COM PREPARO MANUAL. AF_06/2014 | E52: M² | F52: =#REF!+#REF!+#REF! -> #REF! | G52: 6.49 | H52: =G52+G52*$I$8 -> 8.126778 | I52: =H52*F52 -> #REF!
B53: 4.0 | C53: 87792 | D53: EMBOÇO OU MASSA ÚNICA EM ARGAMASSA TRAÇO 1:2:8, PREPARO MECÂNICO COM BETONEIRA 400 L, APLICADA MANUALMENTE EM PANOS CEGOS DE FACHADA (SEM PRESENÇA DE VÃOS), ESPESSURA DE 25 MM. AF_08/2022 | E53: M² | F53: =F52 -> #REF! | G53: 36.73 | H53: =G53+G53*$I$8 -> 45.993306 | I53: =H53*F53 -> #REF!
B54: 4.0 | C54: ED-9081 | D54: REVESTIMENTO COM CERÂMICA APLICADO EM PAREDE, ACABAMENTO ESMALTADO, AMBIENTE INTERNO/EXTERNO, PADRÃO EXTRA, DIMENSÃO DA PEÇA ATÉ 2025 CM2, PEI III, ASSENTAMENTO COM ARGAMASSA INDUSTRIALIZADA, INCLUSIVE REJUNTAMENTO. | E54: M² | F54: =#REF! -> #REF! | G54: 70.33 | H54: =G54+G54*$I$8 -> 88.067226 | I54: =H54*F54 -> #REF!
D55: TOTAL ITEM F | I55: =SUM(I50:I54) -> #REF!
B56: G | D56: PINTURA
B57: 1.0 | C57: ED-50451 | D57: PINTURA ACRÍLICA EM PAREDE, DUAS (2) DEMÃOS, INCLUSIVE SELADOR ACRÍLICO. | E57: M² | F57: =#REF!+#REF! -> #REF! | G57: 18.49 | H57: =G57+G57*$I$8 -> 23.153178 | I57: =H57*F57 -> #REF!
B58: 2.0 | C58: ED-50491 | D58: PINTURA ESMALTE EM ESQUADRIAS DE FERRO, DUAS (2) DEMÃOS, INCLUSIVE UMA (1) DEMÃO DE FUNDO ANTICORROSIVO. | E58: M² | F58: =F61+(0.9*2.1*3*2)+(0.6*2.1*4*2) -> 27.18 | G58: 32.53 | H58: =G58+G58*$I$8 -> 40.734066 | I58: =H58*F58 -> 1107.1519
D59: TOTAL ITEM G | I59: =SUM(I57:I58) -> #REF!
B60: H | D60: ESQUADRIAS
B61: 1.0 | C61: ED-50956 | D61: FORNECIMENTO E ASSENTAMENTO DE JANELA EM FERRO, TIPO MAXIM-AR, INCLUSIVE FERRAGENS E ACESSÓRIOS | E61: M² | F61: =(3.35*0.8*2)+(0.8*0.5) -> 5.76 | G61: 380.27 | H61: =G61+G61*$I$8 -> 476.17409 | I61: =H61*F61 -> 2742.7628
B62: 2.0 | C62: ED-50971 | D62: PORTA COMPLETA, ESTRUTURA E MARCO EM CHAPA DOBRADA - 60 X 210 CM | E62: UN | F62: 4 | G62: 471.97 | H62: =G62+G62*$I$8 -> 591.00083 | I62: =H62*F62 -> 2364.0033 | M62: =0.9-0.6 -> 0.3
B63: 3.0 | C63: ED-50975 | D63: PORTA COMPLETA, ESTRUTURA E MARCO EM CHAPA DOBRADA - 90 X 210 CM | E63: M² | F63: 3 | G63: 586.48 | H63: =G63+G63*$I$8 -> 734.39026 | I63: =H63*F63 -> 2203.1708 | L63: =2.3-0.15 -> 2.15
B64: 4.0 | C64: ED-51153 | D64: VIDRO IMPRESSO (FANTASIA) TRANSLÚCIDO INCOLOR, ESP. 3MM, INCLUSIVE FIXAÇÃO E VEDAÇÃO COM GUARNIÇÃO/GAXETA DE BORRACHA NEOPRENE, FORNECIMENTO E INSTALAÇÃO, EXCLUSIVE CAIXILHO/PERFIL | E64: M² | G64: 150.06 | H64: =G64+G64*$I$8 -> 187.90513 | I64: =H64*F64 -> 0
B65: 4.0 | C65: ED-48535 | D65: DIVISÓRIA EM ARDÓSIA E = 3 CM, INCLUSIVE PERFIS EM CHAPA 18 | E65: M² | F65: =(((2.15*2*1.8)+(0.9*1.8*3))*2)+(0.3*1.8*4) -> 27.36 | G65: 229.57 | H65: =G65+G65*$I$8 -> 287.46755 | I65: =H65*F65 -> 7865.1123
D66: TOTAL ITEM H | I66: =SUM(I61:I65) -> 15175.049
B67: I | D67: CAMPO
B68: 1.0 | C68: ED-50920 | D68: ALAMBRADO PARA QUADRA ESPORTIVA, EM TELA DE ARAME GALVANIZADO COM TRAMA LOSANGULAR DE 2" (50,8MM) E FIO BWG12 (2,77MM), ALTURA 4M, INCLUSIVE FUNDAÇÃO, PINTURA, FIXAÇÃO E FORNECIMENTO EM QUADROS DE TUBOS DE AÇO CARBONO GALVANIZADO DIÂMETRO DE 50MM (2") - CONFORME DETALHE 15 (PADRÃO ESCOLAR). | E68: M | G68: 710.24 | H68: =G68+G68*$I$8 -> 889.36253 | I68: =H68*F68 -> 0
B69: 2.0 | C69: ED-50922 | D69: ALAMBRADO PARA QUADRA ESPORTIVA, EM TELA DE ARAME GALVANIZADO COM TRAMA LOSANGULAR DE 2" (50,8MM) E FIO BWG12 (2,77MM), ALTURA 6M, INCLUSIVE FUNDAÇÃO, PINTURA, INCLUSIVE FIXAÇÃO E FORNECIMENTO EM QUADROS DE TUBOS DE AÇO CARBONO GALVANIZADO DIÂMETRO DE 50MM (2"). | E69: M | F69: =((30+50)*2)-3 -> 157 | G69: 977.3 | H69: =G69+G69*$I$8 -> 1223.7751 | I69: =H69*F69 -> 192132.68 | M69: =0.9-0.6 -> 0.3
B70: 3.0 | C70: ED-50983 | D70: PORTÃO DE GRADE COLOCADO COM CADEADO. | E70: M2 | F70: =3*6 -> 18 | G70: =(4*2.3)+(3*2.3*2) -> 23 | H70: =G70+G70*$I$8 -> 28.8006 | I70: =H70*F70 -> 518.4108 | L70: =2.3-0.15 -> 2.15
B71: 4.0 | H71: =G71+G71*$I$8 -> 0 | I71: =H71*F71 -> 0
B72: 4.0 | C72: ED-49570 | D72: TRAVE DE GOL PARA CAMPO DE FUTEBOL , INCLUSIVE REDE E PINTURA | E72: UN | F72: 2 | G72: 3263.01 | H72: =G72+G72*$I$8 -> 4085.9411 | I72: =H72*F72 -> 8171.8822 | P72: MURO | Q72: 300000 | S72: =(30*7)+(20*3) -> 270 | U72: =Q72/S72 -> 1111.1111
B73: 4.0 | C73: 7167 SINAP | D73: TELA DE ARAME GALVANIZADA QUADRANGULAR / LOSANGULAR, FIO 2,11 MM (14 BWG), MALHA 5 X 5 CM, H = 2 M | E73: M2 | F73: =30*50 -> 1500 | G73: 22.9 | H73: =G73+G73*$I$8 -> 28.67538 | I73: =H73*F73 -> 43013.07 | Q73: =(16*4)/2 -> 32 | S73: =Q73*U72 -> 35555.556
B74: 4.0 | C74: 98520 | D74: APLICAÇÃO DE ADUBO EM SOLO. AF_05/2018 | E74: M2 | F74: =30*50 -> 1500 | G74: 6.39 | H74: =G74+G74*$I$8 -> 8.001558 | I74: =H74*F74 -> 12002.337
B75: 4.0 | C75: ED-9837 | D75: APLICAÇÃO E REGULARIZAÇÃO DE COLCHÃO DE AREIA | E75: M3 | F75: =30*50*0.03 -> 45 | G75: 177.58 | H75: =G75+G75*$I$8 -> 222.36568 | I75: =H75*F75 -> 10006.455
B76: 4.0 | C76: ED-50437 | D76: PLANTIO DE GRAMA ESMERALDA EM PLACAS, INCLUSIVE TERRA VEGETAL E CONSERVAÇÃO POR TRINTA (30) DIAS | E76: M2 | F76: =30*50 -> 1500 | G76: 29.23 | H76: =G76+G76*$I$8 -> 36.601806 | I76: =H76*F76 -> 54902.709
D77: MOVIMENTO DE TERRA PARA RAMPA | N77: =465-461 -> 4 | R77: conciderei uma rampa de 16 metros
C78: ED-51105 | D78: ESCAVAÇÃO MECÂNICA EM MATERIAL DE 1ª CATEGORIA, INCLUSIVE CARGA EM CAMINHÃO, EXCLUSIVE TRANSPORTE E DESCARGA | E78: M³ | F78: =(4*16*4)/2 -> 128 | G78: 7.32 | H78: =G78+G78*$I$8 -> 9.166104 | I78: =H78*F78 -> 1173.2613 | N78: 4 METROS DE ALTURA | R78: e 4 metros de largura
C79: RO-40202 | D79: CARGA, TRANSPORTE E DESCARGA DE MATERIAL DE 1ª CATEGORIA, COM CAMINHÃO. DISTÂNCIA MÉDIA DE TRANSPORTE DE 801 A 1.000 M | E79: M³ | F79: 128 | G79: 6.46 | H79: =G79+G79*$I$8 -> 8.089212 | I79: =H79*F79 -> 1035.4191 | N79: PARA INCLINAÇÃO 8,33% | Q79: 0.125 | S79: 0.33
C80: ED-51098 | D80: COMPACTAÇÃO MECÂNICA DE ATERRO COM ROLO VIBRATÓRIO A 95% DO PROCTOR NORMAL, INCLUSIVE ESPALHAMENTO | E80: M³ | F80: 128 | G80: 4.33 | H80: =G80+G80*$I$8 -> 5.422026 | I80: =H80*F80 -> 694.01933 | J80: =I78+I79+I80 -> 2902.6998 | Q80: i = (h * 100) /c
D81: TOTAL ITEM H | I81: =SUM(I69:I80) -> 323650.25 | Q81: i = (h * 100) /c
B82: J | D82: ARRIMO | N82: =465-461 -> 4 | R82: conciderei uma rampa de 16 metros
D83: INFRAESTRUTURA | N83: 4 METROS DE ALTURA | R83: e 4 metros de largura
B84: 1.0 | C84: ED-51110 | D84: ESCAVAÇÃO MANUAL DE TERRA INCLUSIVE DESCARGA LATERAL. | E84: M³ | F84: =#REF! -> #REF! | G84: 35.35 | H84: =G84*1.2522 -> 44.26527 | I84: =H84*F84 -> #REF! | N84: PARA INCLINAÇÃO 8,33% | Q84: 0.125 | S84: 0.33
B85: 2.0 | C85: ED-29801 | D85: PERFURAÇÃO MANUAL DE ESTACA TIPO BROCA A TRADO, INCLUSIVE AFASTAMENTO, EXCLUSIVE ARMAÇÃO, CONCRETO ESTRUTURAL, TRANSPORTE E RETIRADA DO MATERIAL ESCAVADO | E85: M³ | F85: =#REF! -> #REF! | G85: 147.36 | H85: =G85*1.2522 -> 184.52419 | I85: =H85*F85 -> #REF! | Q85: i = (h * 100) /c
B86: 3.0 | C86: 92919 | D86: ARMAÇÃO DE ESTRUTURAS DIVERSAS DE CONCRETO ARMADO, EXCETO VIGAS, PILARES, LAJES E FUNDAÇÕES, UTILIZANDO AÇO CA-50 DE 10,0 MM - MONTAGEM. AF_06/2022 | E86: KG | F86: =#REF! -> #REF! | G86: 11.3 | H86: =G86*1.2522 -> 14.14986 | I86: =H86*F86 -> #REF!
B87: 4.0 | C87: ED-49780 | D87: CONCRETO CICLÓPICO, FCK 15MPA, PREPARADO EM OBRA COM BETONEIRA, COM ADIÇÃO DE 30% DE PEDRA DE MÃO, INCLUSIVE LANÇAMENTO, ADENSAMENTO E ACABAMENTO. | E87: M³ | F87: =#REF! -> #REF! | G87: 498.6 | H87: =G87*1.2522 -> 624.34692 | I87: =H87*F87 -> #REF! | P87: =4/8.33 -> 0.48019208 | R87: =4/12.5 -> 0.32 | S87: =4/33 -> 0.12121212
B88: 5.0 | C88: 102475 | D88: CONCRETO FCK = 20MPA, TRAÇO 1:2,6:2,9 (EM MASSA SECA DE CIMENTO/ AREIA MÉDIA/ SEIXO ROLADO) - PREPARO MECÂNICO COM BETONEIRA 400 L. AF_05/2021 | E88: M³ | F88: =#REF!+#REF! -> #REF! | G88: 650.68 | H88: =G88*1.2522 -> 814.7815 | I88: =H88*F88 -> #REF! | P88: =P87*100 -> 48.019208 | R88: =R87*100 -> 32 | S88: =S87*100 -> 12.121212
B89: 6.0 | C89: ED-51132 | D89: CARGA MECÂNICA DE MATERIAL DE QUALQUER NATUREZA SOBRE CAMINHÃO, EXCLUSIVE TRANSPORTE | E89: M³ | F89: =F84 -> #REF! | G89: 3.01 | H89: =G89*1.2522 -> 3.769122 | I89: =H89*F89 -> #REF!
D90: SUPERESTRUTURA - VIGAS, PILARES E TIRANTES
B91: 7.0 | C91: 96537 | D91: FABRICAÇÃO, MONTAGEM E DESMONTAGEM DE FÔRMA PARA BLOCO DE COROAMENTO, EM CHAPA DE MADEIRA COMPENSADA RESINADA, E=17 MM, 2 UTILIZAÇÕES. AF_06/2017 | E91: M² | F91: =#REF! -> #REF! | G91: 199.24 | H91: =G91*1.2522 -> 249.48833 | I91: =H91*F91 -> #REF!
B92: 8.0 | C92: 92919 | D92: ARMAÇÃO DE ESTRUTURAS DIVERSAS DE CONCRETO ARMADO, EXCETO VIGAS, PILARES, LAJES E FUNDAÇÕES, UTILIZANDO AÇO CA-50 DE 10,0 MM - MONTAGEM. AF_06/2022 | E92: KG | F92: =#REF! -> #REF! | G92: 11.3 | H92: =G92*1.2522 -> 14.14986 | I92: =H92*F92 -> #REF!
B93: 9.0 | C93: 102475 | D93: CONCRETO FCK = 20MPA, TRAÇO 1:2,6:2,9 (EM MASSA SECA DE CIMENTO/ AREIA MÉDIA/ SEIXO ROLADO) - PREPARO MECÂNICO COM BETONEIRA 400 L. AF_05/2021 | E93: M³ | F93: =#REF! -> #REF! | G93: 650.68 | H93: =G93*1.2522 -> 814.7815 | I93: =H93*F93 -> #REF!
D94: ALVENARIA
B95: 10.0 | C95: ED-48220 | D95: ALVENARIA DE BLOCO DE CONCRETO CHEIO SEM ARMAÇÃO, EM CONCRETO COM FCK DE 20MPA , ESP. 19CM, PARA REVESTIMENTO, INCLUSIVE ARGAMASSA PARA ASSENTAMENTO (DETALHE D - CADERNO SEDS) | E95: M² | F95: =#REF! -> #REF! | G95: 183.82 | H95: =G95*1.2522 -> 230.1794 | I95: =H95*F95 -> #REF!
D96: TOTAL ITEM J | I96: =SUM(I83:I95) -> #REF!
B97: K | D97: ILUMINAÇÃO
B98: 1.0 | C98: ED-49211 | D98: CAIXA PARA MEDIÇÃO, TIPO CM-18, DIMENSÕES CONFORME PADRÃO CEMIG, INCLUSIVE DISJUNTOR, INCLUSIVE BARRAMENTO PARA DISJUNTOR DE 1000A ATÉ 1250A E INSTALAÇÃO (OBS. SÓ SERÁ MEDIDO APÓS LIGAÇÃO, E ESTIVER FUNCIONANDO. TRAMITES NA CEMIG PARA LIGAÇÃO POR CONTA DA CONTRATADA) | E98: UN | F98: 1 | G98: 6539.24 | H98: =G98+G98*$I$8 -> 8188.4363 | I98: =H98*F98 -> 8188.4363
B99: 2.0 | C99: ED-49408 | D99: LUMINÁRIA REFLETORA PARA ILUMINAÇÃO PÚBLICA COM LÂMPADA VAPOR DE MERCÚRIO, 2 REFLETORES DE 250W EM POSTE DE CONCRETO COM 9 M DE ALTURA (COMPLETA) | E99: UN | F99: 12 | G99: 2055.51 | H99: =G99+G99*$I$8 -> 2573.9096 | I99: =H99*F99 -> 30886.915
B100: 3.0 | C100: ED-49499 | D100: QUADRO DE DISTRIBUIÇÃO PARA 12 MÓDULOS COM BARRAMENTO E CHAVE | E100: UN | F100: 1 | G100: 194.96 | H100: =G100+G100*$I$8 -> 244.12891 | I100: =H100*F100 -> 244.12891
B101: 4.0 | C101: ED-49263 | D101: DISJUNTOR TRIPOLAR TERMOMAGNÉTICO 10KA, DE 100A | E101: UN | F101: 4 | G101: 119.54 | H101: =G101+G101*$I$8 -> 149.68799 | I101: =H101*F101 -> 598.75195
B102: 5.0 | C102: ED-49247 | D102: DISJUNTOR BIPOLAR TERMOMAGNÉTICO 10KA, DE 90A | E102: UN | F102: 3 | G102: 77.42 | H102: =G102+G102*$I$8 -> 96.945324 | I102: =H102*F102 -> 290.83597
...

Sheet Plan1
A1: TOWERS ENGENHARIA LTDA
A2: PLANILHA ORÇAMENTÁRIA
A3: PREFEITURA MUNICIPAL DE BARRA LONGA
A4: OBRA: REFORMA DA UNIDADE BÁSICA DE SAÚDE - COMUNIDADE BONSUCESSO | F4: DATA: 25/05/2018
A5: LOCAL: COMUNIDADE BONSUCESSO | E5: FORMA DE EXECUÇÃO: Contratação à Preço Global
A6: REGIÃO/MÊS DE REFERÊNCIA: Tabela de Preços SETOP-Central/JULHO-2017 | E6: ( ) DIRETA | G6: ( x ) INDIRETA
A7: PRAZO DE EXECUÇÃO: 60 dias | G7: LDI 25,00%
A8: ITEM | B8: CODIGO | C8: DESCRIÇÃO | D8: UNID | E8: QUANT | F8: CUSTO | G8: CUSTO + LDI | H8: TOTAL
A9: A | C9: INSTALAÇÃO DA OBRA
A10: 1.0 | B10: IIO-PLA- 005 | C10: FORNECIMENTO E COLOCAÇÃO DE PLACA DE OBRA EM CHAPA GALVANIZADA (3,00 X 1,5 0 M) - EM CHAPA GALVANIZADA 0,26 AFIXADAS COM REBITES 540 E PARAFUSOS 3/8, EM ESTRUTURA METÁLICA VIGA U 2" ENRIJECIDA COM METALON 20 X 20, SUPORTE EM EUCALIPTO AUTOCLAVADO PINTADAS NE FRENTE E NO VERSO COM FUNDO ANTICORROSIVO E TINTA AUTOMOTIVA, CONFORME MANUAL DE IDENTIDADE VISUAL DO GOVERNO DE MINAS | D10: UN | E10: 1 | F10: 1095.14 | G10: =F10*1.25 -> 1368.925 | H10: =G10*E10 -> 1368.925 | J10: =F10*0.71 -> 777.5494
C11: TOTAL ITEM A | H11: =H10 -> 1368.925 | J11: =F11*0.71 -> 0
A12: B | C12: DEMOLIÇÃO | J12: =F12*0.71 -> 0
A13: 1.0 | B13: DEM- ENG-005 | C13: DEMOLIÇÃO DE ENGRADAMENTO DE TELHA METÁLICA, PVC OU FIBROCIMENTO, INCLUSIVE EMPILHAMENTO | D13: M2 | E13: 135.55 | F13: 13.84 | G13: =F13*1.25 -> 17.3 | H13: =G13*E13 -> 2345.015 | J13: =F13*0.71 -> 9.8264
A14: 2.0 | B14: DEM- TEL-015 | C14: REMOÇÃO DE TELHA ONDULADA DE FIBROCIMENTO, INCLUSIVE AFASTAMENTO E EMPILHAMENTO | D14: M2 | E14: 135.55 | F14: 8.56 | G14: =F14*1.25 -> 10.7 | H14: =G14*E14 -> 1450.385 | J14: =F14*0.71 -> 6.0776
A15: 3.0 | B15: DEM- ALV-005 | C15: DEMOLIÇÃO DE ALVENARIA DE TIJOLO E B OCO SEM APROVEITAMENTO DO MATERIAL, INCLUSIVE AFASTAMENTO | D15: M2 | E15: 35 | F15: 85.61 | G15: =F15*1.25 -> 107.0125 | H15: =G15*E15 -> 3745.4375 | J15: =F15*0.71 -> 60.7831
A16: 4.0 | B16: DEM-PIS- 010 | C16: DEMOLIÇÃO DE PISO CERÂMICO OU LADRILHO HIDRÁULICO, INCLUSIVE AFASTAMENTO | D16: M2 | E16: 36 | F16: 11.05 | G16: =F16*1.25 -> 13.8125 | H16: =G16*E16 -> 497.25 | J16: =F16*0.71 -> 7.8455
A17: 5.0 | B17: DEM- REV-005 | C17: DEMOLIÇÃO DE REBOCO INCLUSIVE AFASTAMENTO | D17: M2 | E17: 12 | F17: 10.9 | G17: =F17*1.25 -> 13.625 | H17: =G17*E17 -> 163.5 | J17: =F17*0.71 -> 7.739
A18: 6.0 | B18: DEM- MET-005 | C18: REMOÇÃO DE METAIS COMUNS (CONDUÍTE, SIFÃO, REGISTRO, TORNEIRAS) | D18: UN . | E18: 2 | F18: 12.34 | G18: =F18*1.25 -> 15.425 | H18: =G18*E18 -> 30.85 | J18: =F18*0.71 -> 8.7614
C19: TOTAL ITEM B | H19: =SUM(H13:H18) -> 8232.4375 | J19: =F19*0.71 -> 0
A20: C | C20: COBERTURAS E FORROS | J20: =F20*0.71 -> 0
A21: 1.0 | B21: EST- MET-035 | C21: FORNECIMENTO, FABRICAÇÃO, TRANSPORTE E MONTAGEM DE ESTRUTURA METÁLICA PARA TELHADO SOBRE LAJE PARA TELHAS METÁLICAS, INCLUSIVE PINTURA PRIMER | D21: M2 | E21: 153 | F21: 50.7 | G21: =F21*1.25 -> 63.375 | H21: =G21*E21 -> 9696.375 | J21: =F21*0.71 -> 35.997
A22: 2.0 | B22: COB- TEL-045 | C22: COBERTURA EM TELHA METÁLICA GALVANIZADA TRAPEZOIDAL E = 0, 50 MM, SIMPLES | D22: M2 | E22: 153 | F22: 38.53 | G22: =F22*1.25 -> 48.1625 | H22: =G22*E22 -> 7368.8625 | J22: =F22*0.71 -> 27.3563
A23: 3.0 | B23: COB- CUM-015 | C23: COLOCAÇÃO DE CUMEEIRA GALVANIZADA TRAPEZOIDAL E = 0,50 MM,SIMPLES | D23: M | E23: 17 | F23: 30.4 | G23: =F23*1.25 -> 38 | H23: =G23*E23 -> 646 | J23: =F23*0.71 -> 21.584
C24: TOTAL ITEM C | H24: =SUM(H21:H23) -> 17711.237 | J24: =F24*0.71 -> 0
A25: D | C25: INSTALAÇAO HIDRO-SANITARIA | J25: =F25*0.71 -> 0
C26: TORNEIRA | J26: =F26*0.71 -> 0
A27: 3.0 | B27: MET- TOR-035 | C27: TORNEIRA PARA LAVATÓRIO CROMADA REF. 1194 | D27: UN | E27: 1 | F27: 136.72 | G27: =F27*1.25 -> 170.9 | H27: =G27*E27 -> 170.9 | J27: =F27*0.71 -> 97.0712
C28: VASO SANITARIO | J28: =F28*0.71 -> 0
A29: 5.0 | B29: LOU- VAS-015 | C29: VASO SANITÁRIO LOUÇA BRANCA COM CAIXA ACOPLADA | D29: UN | E29: 1 | F29: 549.53 | G29: =F29*1.25 -> 686.9125 | H29: =G29*E29 -> 686.9125 | J29: =F29*0.71 -> 390.1663
C30: BEBEDOURO E FILTRO | J30: =F30*0.71 -> 0
A31: 6.0 | B31: ACE- BEB-010 | C31: BEBEDOURO GEMINADO MG-F 80 INOX | D31: UN | E31: 1 | F31: 681.94 | G31: =F31*1.25 -> 852.425 | H31: =G31*E31 -> 852.425 | J31: =F31*0.71 -> 484.1774
C32: COMPLEMENTO | J32: =F32*0.71 -> 0
A33: 7.0 | B33: ACE- PAP-020 | C33: DISPENSER EM PLÁSTICO PARA PAPEL TOALHA 2 OU 3 FOLHAS | D33: UN | E33: 3 | F33: 36.84 | G33: =F33*1.25 -> 46.05 | H33: =G33*E33 -> 138.15 | J33: =F33*0.71 -> 26.1564
A34: 8.0 | B34: ACE- SAB-005 | C34: SABONETEIRA EM AÇO INOX TIPO DISPENSER PARA SABONETE LIQUIDO COM RESERVATORIO 800 ML | D34: UN | E34: 3 | F34: 158.66 | G34: =F34*1.25 -> 198.325 | H34: =G34*E34 -> 594.975 | J34: =F34*0.71 -> 112.6486
A35: 9.0 | B35: ACE- ASS-005 | C35: ASSENTO BRANCO PARA VASO | D35: UN | E35: 3 | F35: 25.3 | G35: =F35*1.25 -> 31.625 | H35: =G35*E35 -> 94.875 | J35: =F35*0.71 -> 17.963
C36: CALHA DE CHAPA GALVANIZADA | J36: =F36*0.71 -> 0
A37: 10.0 | B37: PLU-CAL- 080 | C37: CALHA DE CHAPA GALVANIZADA Nº. 26 GSG, DESENVOLVIMENTO = 66 CM | D37: M | E37: 35 | F37: 62.99 | G37: =F37*1.25 -> 78.7375 | H37: =G37*E37 -> 2755.8125 | J37: =F37*0.71 -> 44.7229
C38: RUFO E CONTRA-RUFO DE CHAPA GALVANIZADA | J38: =F38*0.71 -> 0
A39: 11.0 | B39: PLU- RUF-050 | C39: RUFO E CONTRA-RUFO DE CHAPA GALVANIZADA Nº. 26, DESENVOLVIMENTO = 25 CM | D39: M | E39: 22.7 | F39: 26.04 | G39: =F39*1.25 -> 32.55 | H39: =G39*E39 -> 738.885 | J39: =F39*0.71 -> 18.4884
C40: TOTAL ITEM D | H40: =H39+H37+H35+H34+H33+H31+H29+H27 -> 6032.935 | J40: =F40*0.71 -> 0
A41: E | C41: SERRALHERIA | J41: =F41*0.71 -> 0
A42: 1.0 | B42: SER- POR-016 | C42: PORTA COMPLETA, ESTRUTURA E MARCO EM CHAPA DOBRADA - 80 X 210 CM, COM BARRA DE APOIO | D42: PÇ | E42: 2 | F42: 518.01 | G42: =F42*1.25 -> 647.5125 | H42: =G42*E42 -> 1295.025 | J42: =F42*0.71 -> 367.7871
C43: TOTAL ITEM E | H43: =H42 -> 1295.025 | J43: =F43*0.71 -> 0
A44: F | C44: REVESTIMENTOS | J44: =F44*0.71 -> 0
A45: 1.0 | B45: REV- EMB-005 | C45: EMBOÇO COM ARGAMASSA 1:6, CIMENTO E AREIA | D45: M2 | E45: 10 | F45: 25.7 | G45: =F45*1.25 -> 32.125 | H45: =G45*E45 -> 321.25 | J45: =F45*0.71 -> 18.247
A46: 2.0 | B46: REV- REB-005 | C46: REBOCO COM ARGAMASSA 1:7, CIMENTO E AREIA | D46: M2 | E46: 10 | F46: 30.94 | G46: =F46*1.25 -> 38.675 | H46: =G46*E46 -> 386.75 | J46: =F46*0.71 -> 21.9674
A47: 3.0 | B47: PIS-CER- 010 | C47: PISO CERÂMICO PEI-5 LISO (PREÇO MÉDIO) 30 X 30 CM, ASSENTADO COM ARGAMASSA PRÉ-FABRICADA, INCLUSIVE REJUNTAMENTO | D47: M2 | E47: 54 | F47: 74.96 | G47: =F47*1.25 -> 93.7 | H47: =G47*E47 -> 5059.8 | J47: =F47*0.71 -> 53.2216
C48: TOTAL ITEM F | H48: =SUM(H45:H47) -> 5767.8 | J48: =F48*0.71 -> 0
A49: G | C49: VIDROS, ESPELHOS E ACESSORIOS | J49: =F49*0.71 -> 0
B50: VID-FAN- 010 | C50: VIDRO COMUM FANTASIA E = 3/4 MM, COLOCADO | D50: M2 | E50: 1 | F50: 73.39 | G50: =F50*1.25 -> 91.7375 | H50: =G50*E50 -> 91.7375 | J50: =F50*0.71 -> 52.1069
C51: TOTAL ITEM G | H51: =H50 -> 91.7375 | J51: =F51*0.71 -> 0
A52: H | C52: PINTURA | J52: =F52*0.71 -> 0
A53: 1.0 | B53: PIN-LIX- 005 | C53: LIXAMENTO DE PINTURA DE PAREDE | D53: M2 | E53: 369.2 | F53: 2.05 | G53: =F53*1.25 -> 2.5625 | H53: =G53*E53 -> 946.075 | J53: =F53*0.71 -> 1.4555
A54: 2.0 | B54: PIN-LIX- 006 | C54: LIXAMENTO DE PINTURA DE TETOS | D54: M2 | E54: 170 | F54: 2.33 | G54: =F54*1.25 -> 2.9125 | H54: =G54*E54 -> 495.125 | J54: =F54*0.71 -> 1.6543
A55: 3.0 | B55: PIN-LAT- 005 | C55: PINTURA LÁTEX PVA, EM PAREDES, 2 DEMÃOS SEM MASSA CORRIDA, EXCLUSIVE FUNDO SELADOR | D55: M2 | E55: 104.26 | F55: 11.08 | G55: =F55*1.25 -> 13.85 | H55: =G55*E55 -> 1444.001 | J55: =F55*0.71 -> 7.8668
A56: 4.0 | B56: PIN-ACR- 005 | C56: PINTURA ACRÍLICA, 2 DEMÃOS SEM MASSA CORRIDA, EXCLUSIVE FUNDO SELADOR | D56: M2 | E56: 396.93 | F56: 15.18 | G56: =F56*1.25 -> 18.975 | H56: =G56*E56 -> 7531.7468 | J56: =F56*0.71 -> 10.7778
A57: 5.0 | B57: PIN-ACR- 015 | C57: PINTURA ACRÍLICA, EM PAREDES, 2 DEMÃOS COM MASSA CORRIDA PVA, EXCLUSIVE FUNDO SELADOR | D57: M2 | E57: 237.72 | F57: 25.7 | G57: =F57*1.25 -> 32.125 | H57: =G57*E57 -> 7636.755 | J57: =F57*0.71 -> 18.247
A58: 6.0 | B58: PIN-ESM- 015 | C58: PINTURA ÓLEO/ESMALTE, 2 DEMÃOS EM ESQUADRIA MADEIRA SEM MASSA | D58: M2 | E58: 80.19 | F58: 19.33 | G58: =F58*1.25 -> 24.1625 | H58: =G58*E58 -> 1937.5909 | J58: =F58*0.71 -> 13.7243
A59: 7.0 | B59: PIN-ESM- 005 | C59: PINTURA ÓLEO/ESMALTE, 2 DEMÃOS EM ESQUADRIAS DE FERRO | D59: M2 | E59: 41.84 | F59: 24.25 | G59: =F59*1.25 -> 30.3125 | H59: =G59*E59 -> 1268.275 | J59: =F59*0.71 -> 17.2175
C60: TOTAL ITEM H | H60: =SUM(H53:H59) -> 21259.569 | J60: =F60*0.71 -> 0
A61: I | C61: LIMPEZA FINAL | J61: =F61*0.71 -> 0
A62: 1.0 | B62: LIM-GER- 005 | C62: LIMPEZA GERAL DE OBRA | D62: M2 | E62: 122 | F62: 4.64 | G62: =F62*1.25 -> 5.8 | H62: =G62*E62 -> 707.6 | J62: =F62*0.71 -> 3.2944
C63: TOTAL ITEM I | H63: =H62 -> 707.6 | J63: =F63*0.74 -> 0
A64: TOTAL | H64: =H63+H60+H51+H48+H43+H40+H24+H19+H11 -> 62467.266
A69: TOWERS ENGENHARIA LTDA
A70: CNPJ: 14.272.475/0001-41
